 Dungeon Crawl Stone Soup version 0.30-a0-457-g4b7bca3bfa (webtiles) character file.

Game seed: 16090704795524753149

16281800 RepoMan the Politician (level 27, 196/196 HPs)
             Began as a Kobold Monk on Dec 11, 2022.
             Was a High Priest of Wu Jian.
             Escaped with the Orb
             ... and 15 runes on Dec 12, 2022!
             The game lasted 13:01:25 (95622 turns).

RepoMan the Politician (Kobold Monk)               Turns: 95622, Time: 13:01:26

Health: 196/196    AC: 26    Str: 13    XL:     27
Magic:  40/40      EV: 69    Int: 31    God:    Wu Jian [*****.]
Gold:   7204       SH: 25    Dex: 46    Spells: 4/52 levels left

rFire   + + +      SeeInvis +    d - +11 dagger of the New World {pain, Will+ Int+3 Dex+3 Stlth+}
rCold   + + +      Faith    .    Z - +2 shield of Resistance {rF++ rC++ Will++}
rNeg    + + +      Spirit   .    z - +4 troll leather armour
rPois   ∞          Reflect  .    E - +2 hat of the Alphagorgon {rPois Str+4 Int+2}
rElec   +          Harm     .    W - +1 cloak of Starlight {*Dazzle EV+4 Stlth--}
rCorr   +          Rampage  .    S - +0 pair of gloves "Dafeh" {Dex+4}
Will    +++++                    e - +0 pair of boots of Ogugeukh {Dex+6}
Stlth   ++++......               v - amulet of Xathridgh {Regen+ SInv}
HPRegen 2.12/turn                f - ring of Sefa {rElec Int+9 Dex+6}
MPRegen 0.27/turn                J - ring "Dehemn" {rF+ Will+ rCorr}

@: lich-form, studying 2 skills
A: draining attack, torment immunity, no potions, small, no large weapons,
nightstalker 3, iridescent scales 1, clever 1
0: Orb of Zot
}: 15/15 runes: serpentine, barnacled, slimy, silver, golden, iron, obsidian,
icy, bone, abyssal, demonic, glowing, magical, fiery, dark
a: End Transformation, Renounce Religion, Wall Jump, Serpent's Lash, Heavenly
Storm


You escaped.
You worshipped Wu Jian.
Wu Jian was extremely pleased with you.
You were an undead lich.
You visited 18 branches of the dungeon, and saw 88 of its levels.
You visited Pandemonium 2 times, and saw 16 of its levels.
You visited the Abyss 1 time.
You visited 1 ziggurat, and saw 9 of its levels.
You also visited: Ossuary, Bailey, Gauntlet, Volcano and Desolation.

You collected 15170 gold pieces.
You spent 7966 gold pieces at shops.

Inventory:

Hand Weapons
 d - the +11 dagger of the New World (weapon) {pain, Will+ Int+3 Dex+3 Stlth+}
   (You took it off a goblin on level 3 of the Dungeon)

   In the hands of one skilled in necromantic magic, it inflicts extra damage on
   living creatures.
   Int:       It affects your intelligence (+3).
   Dex:       It affects your dexterity (+3).
   Will:      It increases your willpower.
   Stlth:     It makes you more stealthy.
 q - a +9 vorpal quick blade
 w - a +9 spectral demon blade
Armour
 a - the +3 warlock's mirror {reflect}
   (You bought it in a shop on level 2 of the Orcish Mines)

   It can block and reflect piercing ranged attacks and magical attacks against
   the wielder's willpower.
 b - the +3 cloak "Soarchijy" {Will+ Int+8}
   (You found it on level 4 of the Lair of Beasts)

   Int:       It affects your intelligence (+8).
   Will:      It increases your willpower.
 e - the +0 pair of boots of Ogugeukh (worn) {Dex+6}
   (You found it in a Gauntlet)

   Dex:       It affects your dexterity (+6).
 z - a +4 troll leather armour (worn)
 E - the +2 hat of the Alphagorgon (worn) {rPois Str+4 Int+2}
   (You found it on level 2 of the Realm of Zot)

   Str:       It affects your strength (+4).
   Int:       It affects your intelligence (+2).
   rPois:     It protects you from poison.
 H - a +2 pair of boots of flying
 S - the +0 pair of gloves "Dafeh" (worn) {Dex+4}
   (You found it on level 7 of Gehenna)

   Dex:       It affects your dexterity (+4).
 T - a scarf of shadows
 W - the +1 cloak of Starlight (worn) {*Dazzle EV+4 Stlth--}
   (You found it on level 5 of the Lair of Beasts)

   It may blind those who miss an attack against the wearer in melee combat.
   EV:        It affects your evasion (+4).
   Stlth:     It makes you much less stealthy.
 Z - the +2 shield of Resistance (worn) {rF++ rC++ Will++}
   (You found it on level 5 of the Pits of Slime)

   rF:        It greatly protects you from fire.
   rC:        It greatly protects you from cold.
   Will:      It greatly increases your willpower.
Jewellery
 f - the ring of Sefa (left hand) {rElec Int+9 Dex+6}
   (You bought it in a shop on level 1 of the Elven Halls)

   [ring of dexterity]

   Int:       It affects your intelligence (+9).
   Dex:       It affects your dexterity (+6).
   rElec:     It insulates you from electricity.
 i - the ring of Salvation {rElec AC+4}
   (You took it off a merfolk on level 4 of the Shoals)

   [ring of protection]

   AC:        It affects your AC (+4).
   rElec:     It insulates you from electricity.
 s - the ring of the Hippo {rF++ EV+4}
   (You found it on level 5 of the Pits of Slime)

   [ring of evasion]

   EV:        It affects your evasion (+4).
   rF:        It greatly protects you from fire.
 v - the amulet of Xathridgh (around neck) {Regen+ SInv}
   (You found it on level 4 of the Lair of Beasts)

   [amulet of regeneration]

   SInv:      It lets you see invisible.
   Regen:     It increases your rate of health regeneration.
 I - the ring of the Heavens {Fly Int+2}
   (You found it on level 3 of the Elven Halls)

   [ring of flight]

   Int:       It affects your intelligence (+2).
   Fly:       It grants you flight.
 J - the ring "Dehemn" (right hand) {rF+ Will+ rCorr}
   (You found it on level 9 of a ziggurat)

   [ring of protection from fire]

   rF:        It protects you from fire.
   rCorr:     It protects you from acid and corrosion.
   Will:      It increases your willpower.
Wands
 u - a wand of iceblast (24)
 K - a wand of flame (90)
 M - a wand of acid (5)
Scrolls
 g - 8 scrolls of teleportation
 j - 2 scrolls of silence
 n - 18 scrolls of vulnerability
 r - a scroll of brand weapon
 t - 3 scrolls of enchant weapon
 y - 12 scrolls of fog
 B - 12 scrolls of enchant armour
 D - 2 scrolls of amnesia
 G - 6 scrolls of fear
 N - 2 scrolls of magic mapping
 U - a scroll of immolation
 V - 6 scrolls of poison
Potions
 c - 2 potions of ambrosia
 h - 17 potions of curing
 k - 2 potions of heal wounds
 l - 5 potions of berserk rage
 o - a potion of might
 p - 17 potions of lignification
 x - 6 potions of mutation
 F - a potion of cancellation
 O - a potion of invisibility
 P - 5 potions of brilliance
 Q - a potion of resistance
 X - 4 potions of magic
Miscellaneous
 m - a figurine of a ziggurat
 A - a phantom mirror
 C - a condenser vane
 L - a phial of floods
 R - a box of beasts


   Skills:
 + Level 26.5 Fighting
 O Level 27 Short Blades
 + Level 16.4(19.8) Long Blades
 - Level 3.3 Throwing
 - Level 13.3 Armour
 + Level 26.9 Dodging
 + Level 26.6 Stealth
 - Level 19.9 Shields
 - Level 13.3 Spellcasting
 - Level 9.9 Conjurations
 - Level 4.4 Hexes
 - Level 9.9 Summonings
 + Level 26.3 Necromancy
 - Level 6.6 Translocations
 - Level 25.5 Transmutations
 - Level 4.4 Earth Magic
 - Level 9.9 Evocations


You had 4 spell levels left.
You knew the following spells:

 Your Spells              Type           Power      Damage    Failure   Level
b - Blink                 Tloc           100%       N/A       1%          2
c - Death Channel         Necr           67%        N/A       0%          6
g - Apportation           Tloc           100%       N/A       1%          1
h - Haunt                 Necr/Summ      57%        N/A       2%          7
l - Lesser Beckoning      Tloc           100%       N/A       1%          3
n - Necromutation         Tmut/Necr      67%        N/A       1%          8
u - Dispel Undead         Necr           100%       3d31      0%          4
w - Passwall              Tmut/Erth      70%        N/A       0%          2
x - Borgnjor's Vile Clut  Necr/Erth      54%        N/A       1%          5
y - Yara's Violent Unrav  Hex/Tmut       42%        3d17      1%          5
X - Irradiate             Conj/Tmut      46%        3d27      1%          5

Your spell library contained the following spells:

 Spells                   Type           Power      Damage    Failure   Level
 Beastly Appendage        Tmut           100%       N/A       0%          1
 Kiss of Death            Conj/Necr      100%       2d13      0%          1
 Necrotise                Necr           100%       1d9       0%          1
 Sublimation of Blood     Necr           100%       N/A       0%          2
 Wereblood                Tmut           100%       N/A       0%          2
 Vampiric Draining        Necr           100%       2d13      0%          3
 Foxfire                  Conj/Fire      100%       2x1d9     1%          1
 Magic Dart               Conj           100%       1d8       1%          1
 Sandblast                Erth           94%        2d19      1%          1
 Shock                    Conj/Air       100%       1d9       1%          1
 Slow                     Hex            100%       N/A       1%          1
 Summon Small Mammal      Summ           100%       N/A       1%          1
 Call Imp                 Summ           70%        N/A       1%          2
 Cigotuvi's Dreadful Rot  Necr/Pois/Air  100%       N/A       1%          2
 Momentum Strike          Conj/Tloc      100%       3d10      1%          2
 Static Discharge         Conj/Air       100%       2-7/arc   1%          2
 Call Canine Familiar     Summ           70%        N/A       1%          3
 Dazzling Flash           Conj/Hex       100%       N/A       1%          3
 Gell's Gravitas          Tloc           57%        N/A       1%          3
 Hailstorm                Conj/Ice       50%        3d11      1%          3
 Ignite Poison            Fire/Tmut/Pois 65%        N/A       1%          3
 Portal Projectile        Hex/Tloc       100%       N/A       1%          3
 Spider Form              Tmut/Pois      79%        N/A       1%          3
 Stone Arrow              Conj/Erth      100%       3d13      1%          3
 Summon Guardian Golem    Hex/Summ       60%        N/A       1%          3
 Teleport Other           Tloc           57%        N/A       1%          3
 Anguish                  Hex/Necr       54%        N/A       1%          4
 Ice Form                 Ice/Tmut       79%        N/A       1%          4
 Iskenderun's Mystic Bla  Conj/Tloc      64%        2d13      1%          4
 Petrify                  Tmut/Erth      85%        N/A       1%          4
 Ensorcelled Hibernation  Hex/Ice        68%        N/A       2%          2
 Confusing Touch          Hex            47%        N/A       2%          3
 Tukima's Dance           Hex            47%        N/A       2%          3
 Animate Armour           Summ/Erth      100%       N/A       2%          4
 Fulminant Prism          Conj/Hex       30%        3d15      2%          4
 Mephitic Cloud           Conj/Pois/Air  41%        N/A       3%          3
 Vhi's Electric Charge    Tloc/Air       82%        N/A       3%          3
 Manifold Assault         Tloc           57%        N/A       3%          4
 Passage of Golubria      Tloc           57%        N/A       3%          4
 Freeze                   Ice            80%        1d9       4%          1
 Inner Flame              Hex/Fire       34%        N/A       5%          3
 Kindle Blastsparks       Fire/Tloc/Air  68%        2d15      5%          3
 Flame Wave               Conj/Fire      50%        2d12      6%          4
 Sticky Flame             Conj/Fire      50%        2d7       6%          4
 Summon Ice Beast         Ice/Summ       50%        N/A       6%          4
 Summon Lightning Spire   Summ/Air       50%        N/A       6%          4
 Poisonous Vapours        Pois/Air       40%        N/A       7%          2
 Scorch                   Fire           40%        2d7       7%          2
 Cause Fear               Hex            23%        N/A       8%          4
 Leda's Liquefaction      Hex/Erth       23%        N/A       8%          4
 Frozen Ramparts          Ice            40%        1d7       14%         3
 Ozocubu's Armour         Ice            20%        N/A       14%         3
 Swiftness                Air            20%        N/A       14%         3
 Airstrike                Air            10%        2d(2-18)  41%         4
 Olgreb's Toxic Radiance  Pois           20%        N/A       41%         4
 Agony                    Necr           100%       N/A       0%          5
 Blade Hands              Tmut           54%        N/A       0%          5
 Alistair's Intoxication  Tmut/Pois      52%        N/A       1%          5
 Statue Form              Tmut/Erth      56%        N/A       1%          6
 Dragon Form              Tmut           54%        N/A       1%          7
 Borgnjor's Revivificati  Necr           67%        N/A       1%          8
 Iskenderun's Battlesphe  Conj           70%        2d12      2%          5
 Eringya's Noxious Bog    Tmut/Pois      39%        N/A       3%          6
 Simulacrum               Ice/Necr       50%        N/A       3%          6
 Summon Forest            Summ/Tloc      32%        N/A       4%          5
 Summon Mana Viper        Hex/Summ       60%        N/A       7%          5
 Death's Door             Necr           67%        N/A       9%          9
 Summon Cactus Giant      Summ           35%        N/A       12%         6
 Arcjolt                  Conj/Air       25%        1d35      16%         5
 Fireball                 Conj/Fire      25%        3d11      16%         5
 Lightning Bolt           Conj/Air       25%        1d41      16%         5
 Lee's Rapid Deconstruct  Erth           23%        3d13*     21%         5
 Storm Form               Tmut/Air       39%        N/A       21%         7
 Freezing Cloud           Conj/Ice/Air   20%        6-21      32%         5
 Iron Shot                Conj/Erth      30%        9d6       36%         6
 Dispersal                Tloc           28%        N/A       41%         6
 Metabolic Englaciation   Hex/Ice        17%        N/A       45%         5
 Silence                  Hex/Air        17%        N/A       45%         5
 Monstrous Menagerie      Summ           35%        N/A       54%         7
 Orb of Destruction       Conj           35%        9d10      54%         7
 Spellforged Servitor     Conj/Summ      35%        N/A       54%         7
 Conjure Ball Lightning   Conj/Air       25%        3x3d8     65%         6
 Starburst                Conj/Fire      25%        6d8       65%         6
 Malign Gateway           Summ/Tloc      32%        N/A       78%         7
 Enfeeble                 Hex            23%        N/A       99%         7
 Summon Horrible Things   Summ           35%        N/A       99%         8
 Ozocubu's Refrigeration  Ice            10%        4d9       100%        7
 Discord                  Hex            23%        N/A       100%        8
 Disjunction              Tloc           28%        N/A       100%        8
 Ignition                 Fire           10%        3d5       100%        8
 Lehudib's Crystal Spear  Conj/Erth      30%        10d8      100%        8
 Maxwell's Capacitive Co  Air            10%        ∞         100%        8
 Chain Lightning          Conj/Air       25%        3d33      100%        9
 Dragon's Call            Summ           35%        N/A       100%        9
 Fire Storm               Conj/Fire      25%        8d6       100%        9
 Polar Vortex             Ice            10%        N/A       100%        9
 Shatter                  Erth           23%        3d20*     100%        9


Dungeon Overview and Level Annotations

Branches:
Dungeon (15/15)            Temple (1/1) D:6            Lair (5/5) D:8
 Shoals (4/4) Lair:2        Snake (4/4) Lair:2        Slime (5/5) Lair:5
    Orc (2/2) D:9             Elf (3/3) Orc:2        Vaults (5/5) D:14
  Crypt (3/3) Vaults:3       Tomb (3/3) Crypt:3      Depths (4/4) D:15
   Hell (visited)             Dis (7/7) Hell            Geh (7/7) Hell
    Coc (7/7) Hell            Tar (7/7) Hell            Zot (5/5) Depths:4
Ossuary (visited)          Bailey (visited)         Volcano (visited)
Desolation (visited)      Gauntlet (visited)

Altars:
Ashenzari
Cheibriados
Elyvilon
Fedhas
Gozag
Hepliaklqana
Kikubaaqudgha
Makhleb
Okawaru
Sif Muna
Wu Jian
Xom
Yredelemnul
Zin
The Shining One
Jiyva

Shops:
D:8 *   D:10 =   Orc:1 [[*[(   Orc:2 [[?[*   Elf:1 ==:   Elf:2 [   Snake:2 ![
Depths:1 ?[**   Depths:3 ([

Portals:
Hell: Depths:1 Depths:2 Depths:3 Depths:4
Abyss: Depths:1 Depths:2 Depths:3
Pandemonium: Depths:2 Depths:4

Annotations:
Shoals:3 exclusion: downstairs
Elf:2 3 runed translucent doors
Dis:7 Dispater
Zot:1 3 transporters, Kebianal's ghost, legendary MiBe


Innate Abilities, Weirdness & Mutations

You are an undead lich.
Your unarmed attacks are suffused with negative energy.
You are immune to unholy pain and torment.
Your necromantic spells are more powerful.
You cannot drink.
You are immune to poison.
You are small and have problems with some larger weapons.
You are completely attuned to the shadows.
You are partially covered in iridescent scales. (AC +2)
Your mind is acute. (Int +4, Str/Dex -1)


Message History

You begin to meditate on the wall.
You continue meditating on the rock. x4
You finish merging with the rock.
You see here a +0 ring mail.
There is a stone staircase leading up here.
You climb upwards.
There is a stone staircase leading down here.
Casting: Passwall (safe; 0% risk of failure)
Confirm with . or Enter, or press ? or * to list all spells.
Aiming: Passwall (safe; 0% risk of failure)
Press: ? - help, Dir - move target A rock wall.
This square is covered in magical glow.
You begin to meditate on the wall.
You continue meditating on the rock. x2
You finish merging with the rock.
You open the door.
There is an open door here.
You're wearing all the rings you can.
Remove which one? (? for menu, Esc to cancel) < or
f - the ring of Sefa {rElec Int+9 Dex+6} > or
J - the ring "Dehemn" {rF+ Will+ rCorr} You remove the ring "Dehemn" {rF+ Will+ rCorr}.
You fly up into the air.
You feel clever.
I - the ring of the Heavens (right hand) {Fly Int+2} You're wearing all the rings you can.
Remove which one? (? for menu, Esc to cancel) < or
f - the ring of Sefa {rElec Int+9 Dex+6} > or
I - the ring of the Heavens {Fly Int+2} You remove the ring of the Heavens {Fly Int+2}.
You float gracefully downwards.
J - the ring "Dehemn" (right hand) {rF+ Will+ rCorr}
There is a large open door here.
There is a large open door, spattered with blood here.
There is a staircase leading out of the dungeon here.
You are a level 27 Kobold Monk.
I'm sorry, level 27 is as high as you can go.
With the way you've been playing, I'm surprised you got this far.
Play time: 13:01:19 (95621 turns).
You are forever immune to Zot's power.
Unknown command.
You have escaped!

....##..#####≈≈≈≈≈§≈#####..###...
#..##.### #≈≈≈.....≈≈≈# ###.###.#
>.##.## #).......§§.# ##.##..
.###.# ######'###### #.##.#
.###.##### ###8'8#8### #####.##.#
.##.##...###.........###..≈##.#..
.##.#....##...........##..≈≈#.#.#
.##.#....#............##...§#.#.#
....'.........(.L.....8'...≈+.#.#
.##.#....#............†#...§#.#.#
.##.#....##...........##.§≈§#.#.#
.##.##...###.........###.§≈##.#.#
.###.##### ####8'8#### ######.#..
.# #.# ######'###### #.##.. .#
#.## #..§§.......# ##.##.. .#
##.### #≈§≈§....≈≈≈# ###.##... .#
##..#####§§≈≈≈≈≈#####..##....


There were no monsters in sight!

Vanquished Creatures
  Cerebov (Pan)
  Asmodeus (Geh:7)
  Antaeus (Coc:7)
  the Royal Jelly (Slime:5)
  Gloorx Vloq (Pan)
  Ereshkigal (Tar:7)
  the Serpent of Hell (Dis:7)
  Mnoleg (Pan)
  Khufu (Tomb:2)
  6 dread liches
  9 orbs of fire
  5 ancient liches
  Mara (Vaults:5)
  Mennas (Pan)
  6 juggernauts
  31 royal mummies
  Josephina (Zot:1)
  Vv (Crypt:2)
  15 shard shrikes
  Vashnia (Snake:4)
  4 Killer Klowns
  2 pandemonium lords
  13 caustic shrikes
  3 curse toes
  Geryon (Hell)
  14 profane servitors
  10 golden dragons
  10 doom hounds
  18 bone dragons
  15 Brimstone Fiends
  9 hellephants
  6 electric golems
  A spectral shard shrike (Tar:6)
  5 iron giants
  21 Tzitzimimeh
  A walking crystal tome (Depths:3)
  20 tentacled monstrosities
  12 Ice Fiends
  12 Hell Sentinels
  The ghost of Koethilu the Fencer, an adept DgGl (Vaults:3)
  Jorgrun (Shoals:1)
  21 tainted leviathans
  24 Orb Guardians (Zot:5)
  17 searing wretches
  15 titans
  10 liches
  13 quicksilver dragons
  2 deep elf blademasters (Elf:3)
  2 deep elf master archers (Elf:3)
  20 Executioners
  17 acid blobs
  13 sphinxes
  Polyphemus (Shoals:3)
  2 eldritch tentacles (Pan)
  Frances (Elf:1)
  Kirke (Shoals:4)
  19 death cobs
  A draconian monk (Zig:2)
  26 ancient champions
  12 shadow dragons
  12 storm dragons
  5 tengu reavers
  8 nagarajas
  24 fire giants
  13 revenants
  14 draconian knights
  25 azure jellies
  Ilsuiw (Shoals:2)
  7 rockslimes
  25 narguns
  4 quicksilver elementals
  A fenstrider witch (Shoals:1)
  Aizul (Shoals:2)
  8 draconian scorchers
  9 frost giants
  4 iron dragons
  8 demonspawn warmongers (Pan)
  40 balrugs
  13 cacodemons
  Louise (Shoals:1)
  A caustic shrike zombie (Tomb:3)
  6 curse skulls
  A juggernaut zombie (Tomb:2)
  8 deep elf sorcerers
  2 deep elf elementalists (Elf:3)
  An imperial myrmidon (Desolation)
  23 vault wardens
  3 spectral caustic shrikes (Tar:2)
  2 angels (Vaults:2)
  A spectral juggernaut (Tar:2)
  A spriggan defender (Depths:2)
  10 draconian annihilators
  8 ghouls
  3 ghost moths
  7 demonspawn blood saints (Pan)
  22 ironbound preservers
  4 draconian shifters
  6 shard shrike simulacra
  23 war gargoyles
  4 demonspawn corrupters
  22 very ugly things
  11 quicksilver oozes
  18 bennus
  4 draconian stormcallers
  6 deep elf demonologists
  17 reapers
  18 stone giants
  5 ironbound thunderhulks
  4 vampire knights
  16 green draconians
  24 elemental wellsprings
  34 putrid mouths
  15 black draconians
  5 demonspawn black suns
  6 deep elf annihilators
  4 halazid warlocks
  7 white draconians
  3 spark wasps (Depths:2)
  8 red draconians
  10 yellow draconians
  13 wendigos
  8 dire elephants
  6 lorocyprocas
  A minotaur (Gauntlet)
  13 purple draconians
  3 iron golems
  15 blizzard demons
  22 mummy priests
  13 deep elf death magi
  10 eidola
  9 green deaths
  A quicksilver dragon zombie (Crypt:1)
  2 entropy weavers (Vaults:4)
  8 merfolk javelineers
  A crystal guardian (Desolation)
  8 merfolk impalers
  2 spectral quicksilver dragons
  8 ragged hierophants (Desolation)
  2 spectral spriggans (Tar:2)
  9 fire dragons
  14 ettins
  10 jiangshi
  4 deep elf high priests
  5 hydras
  5 rakshasas
  Fannar (D:10)
  10 yaktaur captains
  12 great orbs of eyes
  43 vault guards
  A catoblepas (shapeshifter) (Depths:4)
  7 peacekeepers
  15 anacondas
  7 caustic shrike simulacra
  8 servants of whispers (Desolation)
  7 salamander tyrants
  13 ice dragons
  4 ogre magi
  2 catoblepae
  3 hell beasts
  A fenstrider witch skeleton (Pan)
  16 centaur warriors
  3 spriggan air magi
  4 boulder beetles
  2 spriggan skeletons
  2 merfolk aquamancers
  10 dancing weapons
  6 ironbound frosthearts
  3 death knights (Crypt:1)
  5 merfolk avatars
  3 stokers
  2 alligator snapping turtles
  4 juggernaut simulacra
  30 hell hogs
  7 two-headed ogres
  The ghost of Wizop the Spear-Bearer, a novice MfGl of Nemelex Xobeh (D:6)
  8 deep troll shamans
  16 death scarabs
  A spectral stone giant (Tar:1)
  5 satyrs
  An orc high priest (Orc:2)
  2 death yaks (Shoals:3)
  2 spriggan berserkers
  4 vampire magi
  15 deep troll earth magi
  10 naga warriors
  7 shock serpents
  2 spectral dire elephants
  A thrashing horror (Abyss:3)
  5 tengu warriors
  12 deep elf knights
  6 holy swine (Pan)
  Nergalle (Lair:2)
  29 soul eaters
  2 spectral nagas
  3 titan skeletons
  3 spriggans (Depths:1)
  82 sun demons
  5 hell knights
  12 naga sharpshooters
  12 iron trolls
  24 shadow wraiths
  6 salamander mystics
  A fire crab (shapeshifter) (D:14)
  A spatial maelstrom (Zig:4)
  16 sixfirhies
  36 skeletal warriors
  A spectral bunyip (Tar:2)
  25 sea snakes
  A cherub (Pan)
  A death drake (shapeshifter) (Depths:2)
  2 spriggan druids (Zig:5)
  An orb spider (shapeshifter) (Vaults:5)
  5 flayed ghosts
  2 spectral anacondas (Tar:2)
  4 swamp dragons
  8 crystal echidnas
  6 quicksilver dragon simulacra
  8 glowing orange brains
  A spriggan simulacrum (Coc:7)
  52 deep trolls
  3 anaconda skeletons
  10 phantasmal warriors
  7 shadow demons
  4 bog bodies
  9 naga ritualists
  33 ironbound convokers
  9 harpies
  10 lindwurms
  7 deep elf archers
  6 necromancers
  29 wizards
  22 deep elf zephyrmancers
  A broodmother zombie (Crypt:2)
  21 deep elf pyromancers
  A golden dragon skeleton (Tomb:1)
  Pikel (D:7)
  2 orange crystal statues (Zig:1)
  9 orc knights
  A shining eye (shapeshifter) (Elf:3)
  21 fauns
  3 orc sorcerers
  A shining eye (Slime:5)
  7 mana vipers
  2 oklob plants (Shoals:4)
  11 manticores
  34 moths of wrath
  29 ugly things
  10 salamanders
  10 merfolk sirens
  A frost giant zombie (Crypt:1)
  A worldbinder (Zig:4)
  2 human zombies
  8 cyclopes
  24 vault sentinels
  3 water nymphs
  6 ice statues
  A fire giant skeleton (Vaults:2)
  12 guardian serpents
  21 naga magi
  A naga zombie (Crypt:1)
  An apocalypse crab (Abyss:3)
  20 elephants
  7 rust devils
  47 black mambas
  3 gargoyles
  84 smoke demons
  2 centaur skeletons
  A dire elephant skeleton (Pan)
  11 cane toads
  9 molten gargoyles
  A black mamba (shapeshifter) (Elf:2)
  7 torpor snails (Lair:5)
  A storm dragon simulacrum (Zot:1)
  5 titan simulacra
  25 orange demons
  Maggie (D:6)
  8 unseen horrors
  22 hellions
  A yaktaur zombie (Vaults:2)
  9 komodo dragons
  4 demonic crawlers
  Psyche (D:9)
  2 kobold demonologists (D:11)
  3 rime drakes
  21 tormentors
  55 guardian mummies
  21 freezing wraiths
  A minotaur skeleton (Crypt:2)
  An orb spider zombie (Crypt:2)
  A green draconian skeleton (Crypt:1)
  35 yaktaurs
  An alligator snapping turtle skeleton (Pan)
  3 ice devils
  11 efreet
  4 ancient zymes
  23 hellwings
  5 anaconda simulacra
  7 red devils
  An iron giant simulacrum (Coc:7)
  15 hornets
  2 shadow dragon simulacra (Zot:1)
  A meliai (shapeshifter) (Vaults:2)
  7 spectral harpies
  Grinder (D:6)
  10 polar bears (Lair:5)
  5 trolls
  3 harpy zombies
  38 merfolk
  A slime creature (shapeshifter) (Vaults:5)
  67 saltlings (Desolation)
  A troll (shapeshifter) (Elf:2)
  3 blink frogs (Lair:2)
  2 iron dragon simulacra
  16 wind drakes
  A hydra skeleton (Crypt:3)
  2 tyrant leeches (Lair:5)
  A harpy skeleton (Tomb:1)
  96 slime creatures
  9 snapping turtles
  17 large abominations
  A raiju (Lair:5)
  24 dream sheep
  A jumping spider (Vaults:4)
  2 air elementals (Elf:1)
  A meliai zombie (Crypt:3)
  4 stone giant simulacra
  A culicivora (Vaults:4)
  20 water elementals
  3 vampires (Vaults:3)
  46 flying skulls
  6 shadows
  Eustachio (D:5)
  12 wyverns
  An alligator snapping turtle simulacrum (Coc:3)
  15 ushabtiu
  61 yaks
  5 wraiths
  21 ynoxinuls
  A yak (shapeshifter) (D:14)
  4 hogs (Shoals:4)
  4 basilisks
  2 fire bats (Volcano)
  3 fire elementals (Elf:3)
  3 dire elephant simulacra
  8 golden eyes
  5 chaos spawn
  4 redbacks (Vaults:4)
  A white draconian simulacrum (Zot:1)
  Menkaure (D:6)
  8 harpy simulacra
  4 vampire mosquitoes (D:12)
  24 neqoxecs
  9 wargs
  47 nagas
  2 swamp worms (shapeshifter)
  3 acid dragons
  3 deep troll skeletons
  2 floating eyes
  17 hell hounds
  2 hydra simulacra
  16 water moccasins
  Duvessa (D:4)
  54 orc warriors
  A cane toad skeleton (Crypt:1)
  A floating eye (shapeshifter) (Vaults:5)
  A sky beast (D:6)
  A swamp drake (Zig:8)
  13 black bears
  8 ettin simulacra
  A black bear (shapeshifter) (D:14)
  An ice beast (Vaults:1)
  2 lindwurm zombies (Crypt:2)
  6 ogres
  27 wolves
  A boggart (Vaults:2)
  20 centaurs
  A human skeleton (Vaults:2)
  An ice dragon simulacrum (Coc:2)
  An elephant skeleton (Crypt:2)
  A hog zombie (Crypt:1)
  2 lemures (D:7)
  3 kobold brigands (D:8)
  12 bullfrogs
  A cyclops zombie (Crypt:3)
  6 necrophages
  7 earth elementals
  4 scorpions
  3 naga simulacra
  14 killer bees
  Dowan (D:4)
  2 vampire bats (Lair:1)
  3 howler monkeys
  A troll skeleton (Crypt:3)
  4 electric eels (Snake:2)
  A centaur zombie (Ossuary)
  6 lava snakes (Volcano)
  5 quasits (D:6)
  Crazy Yiuf (D:7)
  A small abomination (Abyss:3)
  A gnoll bouda (D:8)
  13 orc priests
  6 hounds
  A jelly (D:6)
  6 iguanas
  9 orc wizards
  Natasha (thrice) (D:3)
  4 ogre zombies (Ossuary)
  63 mummies
  12 gnolls
  7 adders
  3 shadow imps (Tar:7)
  3 white imps
  3 ufetubi
  3 adder zombies (Ossuary)
  3 worms
  4 dart slugs
  97 orcs
  9 bats
  7 endoplasms
  5 giant cockroaches
  22 goblins
  5 hobgoblins
  7 jackals (D:3)
  4 quokkas
  4 ball pythons
  A dart slug zombie (Crypt:1)
  5 frilled lizards
  4 goblin zombies (Ossuary)
  4 hobgoblin zombies (Ossuary)
  21 kobolds
  6 kobold zombies (Ossuary)
  4 quokka zombies
  6 rats
  5 rat zombies (Ossuary)
  7 briar patches (Lair:4)
  A creeping inferno (Geh:2)
  4 fire vortices
4094 creatures vanquished.

Vanquished Creatures (collateral kills)
  An orb of fire (Zot:1)
  A shard shrike (Zig:7)
  A golden dragon (Zig:8)
  3 caustic shrikes
  A bone dragon (Tar:3)
  A Tzitzimitl (Tar:3)
  A doom hound (Tar:3)
  A Hell Sentinel (Dis:5)
  An Orb Guardian (Zot:5)
  A walking crystal tome (Depths:4)
  An ancient champion (Dis:6)
  A cacodemon (Pan)
  A reaper (Tar:3)
  A war gargoyle (Dis:2)
  A stone giant (Vaults:5)
  A vampire knight (Crypt:3)
  2 putrid mouths
  A white draconian (Zot:1)
  2 dire elephants (Abyss:3)
  A wendigo (Zig:7)
  An ettin (Vaults:4)
  An ice dragon (Zig:8)
  A hydra (Zig:8)
  An anaconda (Zig:9)
  A flayed ghost (Crypt:2)
  2 elephants (Abyss:3)
  A black mamba (Zig:9)
  Joseph (D:9)
  2 rime drakes (Zig:8)
  2 steam dragons (Zig:8)
  2 neqoxecs (Pan)
  A blink frog skeleton (Crypt:2)
  2 killer bees (D:9)
42 creatures vanquished.

Vanquished Creatures (others)
  A shard shrike (Coc:6)
  An Executioner (Pan)
  A draconian knight (Zot:3)
  A cacodemon (Pan)
  A demonspawn blood saint (Pan)
  A green draconian (Zot:1)
  A green death (Hell)
  2 juggernaut simulacra (Coc:7)
  A quicksilver dragon simulacrum (Coc:7)
  2 titan simulacra
  A smoke demon (Pan)
  A guardian serpent (Zig:9)
  An orange demon (Pan)
  A golden dragon simulacrum (Zot:1)
  A hellwing (Pan)
  4 wind drakes (Pan)
  A fire giant simulacrum (Zig:7)
  3 humans (Shoals:4)
  2 neqoxecs (Pan)
  An orc warrior (Vaults:5)
  A block of ice (Pan)
  45 fungi
  400 plants
  3 starspawn tentacles (Abyss:3)
477 creatures vanquished.

Grand Total: 4613 creatures vanquished

Notes
Turn   | Place    | Note
-------+----------+-------------------------------------------
     0 | D:1      | RepoMan the Kobold Monk began the quest for the Orb.
     0 | D:1      | Reached XP level 1. HP: 14/14 MP: 1/1
   132 | D:1      | Reached XP level 2. HP: 19/19 MP: 2/2
   475 | D:1      | Reached XP level 3. HP: 17/23 MP: 3/3
   567 | D:1      | Found Nibed's Armour Boutique.
  1092 | D:2      | Reached skill level 5 in Short Blades
  1201 | D:2      | You fall into a shaft and drop 2 floors!
  1237 | D:4      | Noticed a black bear
  1239 | D:3      | Noticed Natasha
  1240 | D:3      | Killed Natasha
  1241 | D:3      | Reached XP level 4. HP: 28/28 MP: 4/4
  1266 | D:3      | Found a faded altar of an unknown god.
  2237 | D:3      | Noticed Natasha
  2242 | D:3      | Killed Natasha
  2243 | D:3      | Reached XP level 5. HP: 33/33 MP: 5/5
  2414 | D:3      | Reached skill level 6 in Short Blades
  2503 | D:3      | Identified the +11 dagger of the New World {pain, Will+
                  | Int+3 Dex+3 Stlth+}
  2542 | D:3      | Noticed Natasha
  2544 | D:3      | Killed Natasha
  2545 | D:3      | Reached XP level 6. HP: 38/38 MP: 6/6
  3064 | D:4      | Reached skill level 5 in Stealth
  3067 | D:4      | Reached skill level 7 in Short Blades
  3079 | D:4      | Killed a black bear
  3080 | D:4      | Reached XP level 7. HP: 40/44 MP: 7/7
  3266 | D:4      | Reached skill level 5 in Fighting
  3266 | D:4      | Reached skill level 8 in Short Blades
  3349 | D:4      | Noticed Dowan
  3352 | D:4      | Noticed Duvessa
  3738 | D:4      | Killed Duvessa
  3739 | D:4      | Reached XP level 8. HP: 50/50 MP: 8/8
  3750 | D:4      | Killed Dowan
  3791 | D:5      | Entered Level 5 of the Dungeon
  3895 | D:5      | Reached skill level 9 in Short Blades
  4234 | D:5      | Noticed Eustachio
  4239 | D:5      | Killed Eustachio
  4272 | D:5      | Identified the +3 long sword of Guxeric {vorpal, rPois rC++
                  | Str-2 SInv}
  4630 | D:6      | Reached skill level 10 in Short Blades
  4663 | D:6      | Noticed Grinder
  4705 | D:6      | Reached XP level 9. HP: 45/56 MP: 9/9
  4718 | D:6      | Found a staircase to the Ecumenical Temple.
  4724 | Temple   | Entered the Ecumenical Temple
  4809 | Temple   | Became a worshipper of the Wu Jian Council
  4809 | Temple   | Reached * piety under Wu Jian
  4809 | Temple   | Reached ** piety under Wu Jian
  4928 | D:6      | Noticed Maggie
  4929 | D:6      | Found a sand-covered staircase.
  4932 | D:6      | Killed Maggie
  4933 | D:6      | Reached skill level 11 in Short Blades
  4937 | Ossuary  | Entered an ossuary
  5333 | Ossuary  | Reached *** piety under Wu Jian
  5527 | D:6      | Found a transporter.
  5542 | D:6      | Killed Grinder
  5543 | D:6      | Reached skill level 12 in Short Blades
  5588 | D:6      | Reached skill level 5 in Dodging
  5622 | D:6      | Noticed Menkaure
  5625 | D:6      | Killed Menkaure
  5635 | D:6      | Found a transporter.
  5644 | D:6      | Noticed Wizop's ghost (novice MfGl)
  5788 | D:7      | Noticed Pikel
  5791 | D:7      | Killed Pikel
  5792 | D:7      | Reached XP level 10. HP: 63/63 MP: 10/10
  6332 | D:7      | Reached skill level 13 in Short Blades
  6547 | D:7      | Found a runed translucent door.
  6550 | D:7      | Noticed Crazy Yiuf
  6558 | D:7      | Killed Crazy Yiuf
  6681 | D:7      | Reached skill level 10 in Stealth
  6880 | D:8      | Learned a level 4 spell: Dispel Undead
  7001 | D:8      | Found an opulent altar of Gozag.
  7001 | D:8      | Found Gozag's Platinum Reserve.
  7103 | D:8      | Reached skill level 1 in Necromancy
  7110 | D:8      | Found a flagged portal.
  7125 | D:8      | Reached **** piety under Wu Jian
  7146 | Bailey   | Entered a bailey
  7258 | Bailey   | Noticed an orc knight
  7258 | Bailey   | Noticed an orc knight
  7258 | Bailey   | Noticed an orc knight
  7261 | Bailey   | Killed an orc knight
  7261 | Bailey   | Killed an orc knight
  7262 | Bailey   | Reached skill level 14 in Short Blades
  7262 | Bailey   | Killed an orc knight
  7263 | Bailey   | Reached XP level 11. HP: 55/69 MP: 11/11
  7672 | D:8      | Found a staircase to the Lair.
  8039 | D:9      | Noticed Psyche
  8040 | D:9      | Killed Psyche
  8070 | D:9      | Noticed a two-headed ogre
  8080 | D:9      | Killed a two-headed ogre
  8081 | D:9      | Reached skill level 15 in Short Blades
  8242 | D:9      | Found a staircase to the Orcish Mines.
  8641 | D:9      | Reached XP level 12. HP: 65/76 MP: 12/12
  8642 | D:9      | Noticed Joseph
  8657 | D:9      | Killed Joseph
  9345 | D:10     | Entered Level 10 of the Dungeon
  9345 | D:10     | Found Neanagh's Jewellery Shoppe.
  9539 | D:10     | Noticed Fannar
  9540 | D:10     | Killed Fannar
  9541 | D:10     | Reached skill level 16 in Short Blades
  9541 | D:10     | Reached skill level 5 in Necromancy
 10035 | D:10     | Reached ***** piety under Wu Jian
 10383 | D:11     | Noticed a two-headed ogre
 10385 | D:11     | Killed a two-headed ogre
 10498 | D:11     | Noticed a sixfirhy
 10499 | D:11     | Reached skill level 10 in Fighting
 10508 | D:11     | Noticed a soul eater
 10749 | D:11     | Noticed a tengu warrior
 10754 | D:11     | Killed a tengu warrior
 10759 | D:11     | Noticed an eight-headed hydra
 10773 | D:11     | Noticed a boulder beetle
 10855 | Lair:1   | Entered Level 1 of the Lair of Beasts
 10884 | Lair:1   | Reached XP level 13. HP: 83/83 MP: 13/13
 10995 | Lair:1   | Reached skill level 10 in Dodging
 11154 | Lair:1   | Found a gate leading to a gauntlet.
 11183 | Gauntlet | Entered a Gauntlet
 11183 | Gauntlet | Found a transporter.
 11183 | Gauntlet | Found a transporter.
 11193 | Gauntlet | Found a transporter.
 11221 | Gauntlet | Found a transporter.
 11232 | Gauntlet | Noticed a reaper
 11239 | Gauntlet | Found a transporter.
 11239 | Gauntlet | Found a transporter.
 11264 | Gauntlet | Found a transporter.
 11290 | Gauntlet | Found a transporter.
 11329 | Gauntlet | Found a transporter.
 11396 | Gauntlet | Found a transporter.
 11422 | Gauntlet | Found a transporter.
 11467 | Gauntlet | Found a transporter.
 11489 | Gauntlet | Reached skill level 1 in Long Blades
 11499 | Gauntlet | Identified the +0 pair of boots of Ogugeukh {Dex+6}
 11521 | Gauntlet | Identified the +7 chain mail "Eranwiacs" {rN+ Will+}
 11521 | Gauntlet | Noticed a minotaur
 11526 | Gauntlet | Killed a minotaur
 12185 | Lair:2   | Found a staircase to the Shoals.
 12428 | Lair:2   | Noticed Nergalle
 12429 | Lair:2   | Killed Nergalle
 12685 | Lair:2   | Found a staircase to the Snake Pit.
 13387 | Lair:3   | Found a dark tunnel.
 13401 | Volcano  | Entered a volcano
 13577 | Volcano  | Reached XP level 14. HP: 85/90 MP: 14/14
 13607 | Volcano  | Found a burning altar of Makhleb.
 14474 | Lair:3   | Reached skill level 15 in Stealth
 15204 | Lair:4   | Found a transporter.
 15249 | Lair:4   | Found a transporter.
 15842 | Lair:5   | Entered Level 5 of the Lair of Beasts
 16359 | Lair:5   | Reached XP level 15. HP: 97/97 MP: 15/15
 16615 | Lair:5   | Reached skill level 5 in Long Blades
 16664 | Lair:5   | Reached skill level 15 in Dodging
 16739 | Lair:5   | Found a viscous altar of Jiyva.
 16740 | Lair:5   | Found a staircase to the Slime Pits.
 16876 | Lair:5   | Found the +1 cloak of Starlight {*Dazzle EV+4 Stlth--}
 17031 | Lair:5   | Found a runed translucent door.
 17740 | Orc:1    | Entered Level 1 of the Orcish Mines
 17758 | Orc:1    | Found Qax Vixe's Antique Armour Shop.
 17804 | Orc:1    | Found Wuyweel's General Store.
 17823 | Orc:1    | Bought a throwing net for 45 gold pieces
 17823 | Orc:1    | Bought a potion of lignification for 45 gold pieces
 17860 | Orc:1    | Found an iron altar of Okawaru.
 17874 | Orc:1    | Found Qiley's Armour Shop.
 17939 | Orc:1    | Found Weel's Antique Armour Shoppe.
 18045 | Orc:1    | Bought a runed helmet for 187 gold pieces
 18045 | Orc:1    | Bought a masterwork ring mail for 225 gold pieces
 18045 | Orc:1    | Identified the +0 ring mail "Jeikoig" {Harm} (You bought it
                  | in a shop on level 1 of the Orcish Mines)
 18075 | Orc:1    | Bought a heavily runed ring mail for 279 gold pieces
 18075 | Orc:1    | Identified the +0 ring mail of the Sun {Drain rN+ rCorr
                  | Dex+4} (You bought it in a shop on level 1 of the Orcish
                  | Mines)
 18094 | Orc:2    | Entered Level 2 of the Orcish Mines
 18378 | Orc:2    | Found a staircase to the Elven Halls.
 18613 | Orc:2    | Found Cedusani's Antique Armour Boutique.
 18885 | Orc:1    | Found Hecapn's Antique Weapon Shoppe.
 19218 | Orc:2    | Reached skill level 10 in Necromancy
 19367 | Orc:2    | Found Ibrunif's Armour Emporium.
 19367 | Orc:2    | Found Diz Waim's Magic Scroll Boutique.
 19367 | Orc:2    | Found Cit Dyeh's Armour Shop.
 19368 | Orc:2    | Found Benoreen's Assorted Antiques.
 19386 | Orc:2    | Bought a scroll of immolation for 60 gold pieces
 19386 | Orc:2    | Bought a scroll of blinking for 112 gold pieces
 19386 | Orc:2    | Bought a scroll of blinking for 112 gold pieces
 19386 | Orc:2    | Bought a scroll of teleportation for 45 gold pieces
 19389 | Orc:2    | Bought a scroll of teleportation for 96 gold pieces
 19389 | Orc:2    | Bought a potion of berserk rage for 160 gold pieces
 19397 | Orc:2    | Bought the +3 warlock's mirror {reflect} for 520 gold
                  | pieces
 19397 | Orc:2    | Found the +3 warlock's mirror {reflect}
 19404 | Orc:2    | Bought a scroll of identify for 30 gold pieces
 19404 | Orc:2    | Bought a scroll of identify for 30 gold pieces
 19404 | Orc:2    | Bought a scroll of identify for 30 gold pieces
 19407 | Orc:2    | Bought an amethyst potion for 28 gold pieces
 19407 | Orc:2    | Bought a slimy scimitar for 288 gold pieces
 19407 | Orc:2    | Identified the +6 scimitar "Wupag" {venom, rPois} (You
                  | bought it in a shop on level 2 of the Orcish Mines)
 19452 | Orc:2    | Reached ****** piety under Wu Jian
 19454 | Orc:2    | Bought an obsidian-encrusted scale mail for 360 gold pieces
 19454 | Orc:2    | Identified the +3 scale mail "Fioxoz" {Harm rF++ rC+ Dex-2}
                  | (You bought it in a shop on level 2 of the Orcish Mines)
 19850 | D:11     | Reached skill level 1 in Shields
 19855 | D:11     | Reached skill level 1 in Spellcasting
 19855 | D:11     | Reached XP level 16. HP: 94/104 MP: 17/17
 21532 | D:14     | Found a broken altar of Ashenzari.
 21793 | D:14     | Found a gate to the Vaults.
 22203 | D:15     | Entered Level 15 of the Dungeon
 23208 | D:15     | Found a staircase to the Depths.
 23581 | Orc:2    | Bought a transparent scale mail for 360 gold pieces
 23581 | Orc:2    | Identified the +0 scale mail of Servitude {+Inv rPois Str+3
                  | Stlth+} (You bought it in a shop on level 2 of the Orcish
                  | Mines)
 23815 | Snake:1  | Entered Level 1 of the Snake Pit
 23840 | Snake:1  | Reached skill level 5 in Shields
 23908 | Snake:1  | Reached XP level 17. HP: 111/111 MP: 21/21
 24350 | Snake:1  | Found the +6 lightning scales {swift, rElec}
 24355 | Snake:1  | Found a shimmering blue altar of Sif Muna.
 25162 | Snake:2  | Found Xeasut's Distillery.
 25164 | Snake:2  | Found Atolat's Antique Armour Shoppe.
 25167 | Snake:2  | Bought a potion of curing for 48 gold pieces
 25167 | Snake:2  | Bought a potion of heal wounds for 80 gold pieces
 25167 | Snake:2  | Bought a potion of curing for 48 gold pieces
 25167 | Snake:2  | Bought a potion of curing for 48 gold pieces
 25167 | Snake:2  | Bought a potion of heal wounds for 80 gold pieces
 25177 | Snake:2  | Bought a tattered robe for 119 gold pieces
 25177 | Snake:2  | Identified the +2 robe of the Golden Bull {rF+ Dex+2} (You
                  | bought it in a shop on level 2 of the Snake Pit)
 25519 | Snake:2  | Learned a level 5 spell: Irradiate
 26221 | Snake:3  | Found an ancient bone altar of Kikubaaqudgha.
 26915 | Snake:4  | Entered Level 4 of the Snake Pit
 26938 | Snake:4  | Reached XP level 18. HP: 117/117 MP: 22/22
 27284 | Snake:4  | Reached skill level 15 in Fighting
 27900 | Snake:4  | Noticed Vashnia
 28029 | Snake:4  | Killed Vashnia
 28232 | Snake:4  | Got a serpentine rune of Zot
 28422 | Shoals:1 | Entered Level 1 of the Shoals
 28595 | Shoals:1 | Noticed Louise
 28596 | Shoals:1 | Killed Louise
 28636 | Shoals:1 | Reached XP level 19. HP: 101/124 MP: 23/23
 28949 | Shoals:1 | Noticed Jorgrun
 28951 | Shoals:1 | Killed Jorgrun
 29525 | Shoals:2 | Noticed Aizul
 29738 | Shoals:2 | Noticed Ilsuiw
 29744 | Shoals:2 | Killed Ilsuiw
 30270 | Shoals:2 | Killed Aizul
 30997 | Shoals:3 | Noticed Polyphemus
 31000 | Shoals:3 | Killed Polyphemus
 31390 | Shoals:4 | Entered Level 4 of the Shoals
 31490 | Shoals:4 | Reached skill level 10 in Long Blades
 31535 | Shoals:4 | Noticed Kirke
 31694 | Shoals:4 | Killed Kirke
 31774 | Shoals:4 | Reached XP level 20. HP: 114/132 MP: 24/24
 31831 | Shoals:4 | Got a barnacled rune of Zot
 32262 | Shoals:4 | Identified the ring of Salvation {rElec AC+4}
 33082 | Elf:1    | Entered Level 1 of the Elven Halls
 33174 | Elf:1    | Found Lolakyig's Jewellery Emporium.
 33174 | Elf:1    | Found Vioph's Jewellery Emporium.
 33175 | Elf:1    | Found Mimpy's Book Boutique.
 33551 | Elf:1    | Noticed Frances
 33558 | Elf:1    | Killed Frances
 34017 | Elf:2    | Found Daxum's Armour Shoppe.
 34151 | Elf:2    | Noticed a Brimstone Fiend
 34282 | Elf:2    | Found a runed translucent gate.
 34282 | Elf:2    | Found a runed translucent gate.
 34282 | Elf:2    | Found a runed translucent gate.
 34883 | Elf:3    | Entered Level 3 of the Elven Halls
 35027 | Elf:3    | Identified the +1 robe "Iskoklemm" {rC- rCorr Dex+6}
 35233 | Elf:3    | Identified a scroll of acquirement
 35242 | Elf:3    | Acquired a +5 quick blade of holy wrath
 35657 | Elf:3    | Reached XP level 21. HP: 137/137 MP: 25/25
 35780 | Elf:3    | Identified the +8 war axe "Jacuk" {freeze, Int+4 Stlth+}
 35793 | Elf:3    | Identified the ring of the Heavens {Fly Int+2}
 35823 | Elf:3    | Got Ivuonai's Codex of Spatial Concussion
 35828 | Elf:3    | Learned a level 1 spell: Apportation
 35831 | Elf:3    | Got the Codex of Wintry Coordinates
 35891 | Elf:3    | Got Zuiqon's Disquisition on Damage Dealing
 36235 | Vaults:1 | Entered Level 1 of the Vaults
 36439 | Vaults:1 | Reached skill level 15 in Long Blades
 36624 | Vaults:1 | Learned a level 8 spell: Necromutation
 36631 | Vaults:1 | Learned a level 6 spell: Death Channel
 36654 | Vaults:1 | Reached skill level 1 in Transmutations
 36741 | Vaults:1 | You fall into a shaft and drop 1 floor!
 36801 | Vaults:2 | Found a crumbling gateway.
 36807 | Vaults:2 | Found a glowing golden altar of the Shining One.
 36807 | Vaults:2 | Found a glowing silver altar of Zin.
 36807 | Vaults:2 | Found a white marble altar of Elyvilon.
 36811 | Desolati | Entered the Desolation of Salt
 36890 | Desolati | Got the Omnibus of Damaging Terra Firma
 37057 | Desolati | Reached skill level 5 in Transmutations
 37082 | Desolati | Got the Compendium of Blistering Metal
 37182 | Desolati | Identified the ring "Ifueck" {rPois Will+ rCorr Int+7
                  | Dex-4}
 37183 | Desolati | Identified the +1 ice dragon scales of the Ecumenical
                  | Temple {rF- rC++ Dex+3 Slay+2}
 37218 | Desolati | Identified the +0 battleaxe of Autumn {holy, Will+ rCorr
                  | SInv}
 37224 | Desolati | Got the Lessons on Glaciation
 37228 | Desolati | Identified the amulet "Oppibom" {Spirit rPois}
 37291 | Desolati | Reached XP level 22. HP: 144/144 MP: 26/26
 38162 | Vaults:2 | Found a transporter.
 38166 | Vaults:2 | Found a shimmering blue altar of Sif Muna.
 38249 | Vaults:2 | Noticed a dread lich
 38839 | Vaults:2 | Reached skill level 10 in Transmutations
 40724 | Vaults:3 | Reached XP level 23. HP: 98/148 MP: 27/27
 41122 | Vaults:3 | Found a runed translucent gate.
 41122 | Vaults:3 | Found a runed translucent gate.
 41123 | Vaults:3 | Found a runed translucent gate.
 41126 | Vaults:3 | Noticed Koethilu's ghost (adept DgGl)
 41380 | Vaults:3 | Found a staircase to the Crypt.
 42002 | Vaults:3 | Killed Koethilu's ghost
 43533 | Crypt:1  | Entered Level 1 of the Crypt
 44183 | Crypt:1  | Reached XP level 24. HP: 131/149 MP: 27/27
 44596 | Crypt:2  | Reached skill level 15 in Transmutations
 44925 | Crypt:2  | Noticed Vv
 44928 | Crypt:2  | Killed Vv
 45372 | Crypt:3  | Entered Level 3 of the Crypt
 45589 | Crypt:3  | Found a staircase to the Tomb.
 46414 | Crypt:3  | Reached skill level 15 in Necromancy
 46745 | Crypt:3  | Noticed a curse toe
 46749 | Crypt:3  | Killed a curse toe
 47130 | Crypt:3  | Noticed an ancient lich
 47130 | Crypt:3  | Noticed a dread lich
 47156 | Crypt:3  | Killed a dread lich
 47183 | Crypt:3  | Killed an ancient lich
 47192 | Crypt:3  | Noticed an ancient lich
 47214 | Crypt:3  | Killed an ancient lich
 47215 | Crypt:3  | Noticed a dread lich
 47221 | Crypt:3  | Killed a dread lich
 47243 | Crypt:3  | Identified the amulet "Urukh" {RegenMP rElec rC+ Stlth-}
 47251 | Crypt:3  | Got Kikubaaqudgha's Codex of Evil Secrets
 47645 | Depths:1 | Entered Level 1 of the Depths
 47645 | Depths:1 | Found a gateway to Hell.
 47672 | Depths:1 | Found a blossoming altar of Fedhas.
 47676 | Depths:1 | You fall into a shaft and drop 1 floor!
 47770 | Depths:2 | Reached XP level 25. HP: 156/158 MP: 27/27
 47903 | Depths:2 | Found a snail-covered altar of Cheibriados.
 48256 | Depths:2 | Found a one-way gate leading to the halls of Pandemonium.
 48386 | Depths:2 | Found a one-way gateway to a ziggurat.
 48440 | Depths:2 | Found a one-way gate to the infinite horrors of the Abyss.
 48835 | Depths:1 | Found Bugozipt's Armour Shop.
 48837 | Depths:1 | Found Xumifi Agho's General Store.
 48837 | Depths:1 | Found Ofawk's Magic Scroll Shop.
 48840 | Depths:1 | Found Vifitt's General Store.
 48842 | Depths:1 | Bought 2 scrolls of blinking for 255 gold pieces
 48845 | Depths:1 | Bought a scroll of blinking for 172 gold pieces
 48863 | Depths:1 | Bought a scroll of enchant weapon for 90 gold pieces
 48863 | Depths:1 | Bought a scroll of enchant weapon for 90 gold pieces
 48875 | Depths:1 | Bought a +2 pair of boots of flying for 365 gold pieces
 48880 | Depths:1 | Bought the +1 hat of Honour {SInv Stlth+} for 345 gold
                  | pieces
 49718 | Depths:3 | Found Obeq Zui's Antique Armour Boutique.
 50333 | Depths:3 | Found Virruub's Distillery.
 50412 | Depths:3 | Found Useno's Weapon Shoppe.
 50558 | Depths:3 | Noticed a juggernaut
 50576 | Depths:3 | Killed a juggernaut
 50855 | Depths:4 | Entered Level 4 of the Depths
 51017 | Depths:4 | Reached XP level 26. HP: 110/167 MP: 27/27
 51338 | Depths:4 | Found an ancient bone altar of Kikubaaqudgha.
 51383 | Depths:4 | Reached skill level 1 in Translocations
 51623 | Depths:4 | Found a gate to the Realm of Zot.
 52129 | Slime:1  | Entered Level 1 of the Pits of Slime
 52530 | Slime:5  | Entered Level 5 of the Pits of Slime
 52963 | Slime:5  | Found a viscous altar of Jiyva.
 52971 | Slime:5  | Found the +2 shield of Resistance {rF++ rC++ Will++}
 52993 | Slime:5  | Noticed the Royal Jelly
 53029 | Slime:5  | Killed the Royal Jelly
 53278 | Slime:5  | Identified the ring of the Hippo {rF++ EV+4}
 53287 | Slime:5  | Identified the +0 leather armour of the Storm King {+Blink
                  | Fly Int-2}
 53289 | Slime:5  | Got a slimy rune of Zot
 53302 | Slime:5  | Identified the +1 hand axe "Kianuk" {drain, rElec Str+4}
 53309 | Slime:5  | Got the Enchiridion on Jinxing and Damage Dealing
 53922 | Zot:1    | Entered Level 1 of the Realm of Zot
 53942 | Zot:1    | Reached skill level 10 in Shields
 54285 | Zot:1    | Found a transporter.
 54289 | Zot:1    | You fall into a shaft and drop 1 floor!
 54289 | Zot:2    | Noticed an orb of fire
 54290 | Zot:2    | Killed an orb of fire
 54309 | Zot:1    | Reached XP level 27. HP: 175/175 MP: 27/27
 54311 | Zot:1    | Noticed a Killer Klown
 54318 | Zot:1    | Noticed an orb of fire
 54536 | Zot:1    | Found a transporter.
 54536 | Zot:1    | Found a transporter.
 54765 | Zot:1    | Killed an orb of fire
 54970 | Zot:1    | Identified the ring of Syneve Xojosch {Ice Fly Will- SInv}
 54970 | Zot:1    | Noticed Josephina
 54975 | Zot:1    | Noticed a Killer Klown
 55195 | Zot:1    | Found a transporter.
 55195 | Zot:1    | Noticed Kebianal's ghost (legendary MiBe)
 55376 | Zot:1    | Killed Josephina
 55605 | Zot:1    | Killed a Killer Klown
 55618 | Zot:1    | a Killer Klown changed into an acid blob
 56385 | Zot:2    | Identified the ring "Fyxtengo" {rElec rPois rC++ rCorr
                  | Int-5}
 56458 | Zot:2    | Identified the +3 leather armour of Onev {Will+ rCorr}
 56498 | Zot:2    | Found a transporter.
 56522 | Zot:2    | Identified the +1 cloak "Zinuriebb" {rPois SInv}
 56523 | Zot:2    | Found a transporter.
 56637 | Zot:3    | Identified the +0 pair of boots of the Louse {rC+ rN+++
                  | Int-2 Stlth+}
 58077 | Zot:4    | Identified the +8 morningstar "Uwohen" {vorpal, rC+++ Will-
                  | Str+3 Dex+2}
 58124 | Zot:4    | Reached skill level 5 in Spellcasting
 59734 | Vaults:5 | Entered Level 5 of the Vaults
 59751 | Vaults:5 | Noticed Mara
 59757 | Vaults:5 | Noticed RepoMan's illusion
 59758 | Vaults:5 | Killed Mara
 60083 | Vaults:5 | Identified the +3 ring mail of Twilight {Rampage rElec
                  | rPois}
 60390 | Vaults:5 | Got a silver rune of Zot
 60794 | Vaults:5 | Identified the +1 scale mail of Azodilam {Int+4}
 60833 | Vaults:5 | Got the Grimoire of Feathery Rallying
 60865 | Vaults:5 | Identified the +1 trident of Wyrewiac {freeze, Str+5 Int-5
                  | Dex+2}
 61596 | Vaults:5 | Identified the +7 plate armour of Mental Paralysis {SInv
                  | Stlth+}
 62127 | D:6      | Killed Wizop's ghost
 62429 | Lair:4   | Identified the amulet of Xathridgh {Regen+ SInv}
 62436 | Lair:4   | Identified the +3 cloak "Soarchijy" {Will+ Int+8}
 63142 | Vaults:2 | Killed a dread lich
 63151 | Vaults:2 | Reached skill level 17 in Short Blades
 63482 | Vaults:2 | Found a transporter.
 63517 | Vaults:2 | Got Fino's Textbook on the Iceberg
 63527 | Vaults:2 | Learned a level 5 spell: Yara's Violent Unravelling
 63531 | Vaults:2 | Learned a level 3 spell: Ignite Poison
 63537 | Vaults:2 | Learned a level 5 spell: Borgnjor's Vile Clutch
 63868 | Pan      | Entered Pandemonium
 64829 | Pan      | Identified the +8 trident "Tivofugo" {vorpal, Fly rElec
                  | MP+9 Stlth+}
 65038 | Pan      | Noticed Gani the pandemonium lord
 65158 | Pan      | Reached skill level 18 in Short Blades
 65219 | Pan      | Entered the realm of Mnoleg.
 65341 | Pan      | Noticed Mnoleg
 65364 | Pan      | Paralysed by a floating eye for 4 turns
 65383 | Pan      | Killed Mnoleg
 65403 | Pan      | Got a glowing rune of Zot
 65848 | Pan      | Noticed Mennas
 65852 | Pan      | Killed Mennas
 66187 | Depths:2 | Escaped Pandemonium
 66258 | Pan      | Entered Pandemonium
 66434 | Pan      | Found a runed translucent door.
 68261 | Pan      | Learned a level 3 spell: Lesser Beckoning
 68661 | Pan      | Got a demonic rune of Zot
 68686 | Pan      | Noticed Akhloeng the pandemonium lord
 68704 | Pan      | Entered the realm of Lom Lobon.
 68726 | Pan      | Found an exit through the horrors of the Abyss.
 69651 | Pan      | Reached skill level 5 in Translocations
 69660 | Pan      | Noticed Lom Lobon
 70087 | Pan      | Got a magical rune of Zot
 70222 | Pan      | Entered the realm of Gloorx Vloq.
 70478 | Pan      | Found an exit through the horrors of the Abyss.
 70898 | Pan      | Noticed Lom Lobon
 71182 | Pan      | Noticed Gloorx Vloq
 71224 | Pan      | Killed Gloorx Vloq
 71273 | Pan      | Got a dark rune of Zot
 71411 | Pan      | Entered the realm of Cerebov.
 71728 | Pan      | Identified the ring "Qumurof" {Ice rPois Will+ Dex+3
                  | Slay+2}
 71816 | Pan      | Identified the +1 long sword of Peace {freeze, *Noise rElec
                  | Int+8 Dex-2}
 71842 | Pan      | Learned a level 2 spell: Blink
 71876 | Pan      | Identified the +1 acid dragon scales of Disappointment
                  | {Harm rPois rCorr Int-3 SInv}
 71879 | Pan      | Identified the +0 ring mail of Ynogh {-Cast Dex+3}
 71937 | Pan      | Found the +6 sword of Cerebov {flame}
 71937 | Pan      | Noticed Cerebov
 73340 | Pan      | Killed Cerebov
 73343 | Pan      | Identified the +1 plate armour "Zeip" {+Blink Str+2 Int-2
                  | Dex+3}
 73354 | Pan      | Got a fiery rune of Zot
 73368 | Pan      | Got the Directory of Moulding and the Summer
 73372 | Pan      | Learned a level 2 spell: Passwall
 73376 | Pan      | Upgraded the game from 0.30-a0-445-g92f4fb2d71 to
                  | 0.30-a0-457-g4b7bca3bfa
 73502 | Pan      | Reached skill level 1 in Evocations
 73543 | Pan      | Reached skill level 1 in Conjurations
 73543 | Pan      | Reached skill level 1 in Hexes
 73543 | Pan      | Reached skill level 1 in Earth Magic
 73685 | Pan      | Found a huge runed translucent gate.
 73685 | Pan      | Found a huge runed translucent gate.
 73686 | Pan      | Found a huge runed translucent gate.
 73686 | Pan      | Found a huge runed translucent gate.
 73686 | Pan      | Found a huge runed translucent gate.
 73687 | Pan      | Found a huge runed translucent gate.
 73687 | Pan      | Found a huge runed translucent gate.
 73687 | Pan      | Found a huge runed translucent gate.
 73693 | Pan      | Found a huge runed translucent gate.
 73693 | Pan      | Found a huge runed translucent gate.
 74621 | Pan      | Noticed Yneun the pandemonium lord
 74636 | Pan      | Killed Yneun the pandemonium lord
 74970 | Pan      | Found an exit through the horrors of the Abyss.
 75006 | Pan      | Took an exit into the Abyss.
 75006 | Abyss:1  | Escaped into the Abyss
 75321 | Abyss:3  | Found a corrupted altar of Lugonu.
 75323 | Abyss:3  | Got an abyssal rune of Zot
 75397 | Depths:2 | Escaped the Abyss
 76177 | Orc:1    | Bought a scroll of enchant weapon for 112 gold pieces
 76287 | Elf:1    | Bought a manual of Armour for 1040 gold pieces
 77221 | Depths:1 | Bought a scroll of brand weapon for 218 gold pieces
 77574 | Elf:1    | Bought the ring of Sefa {rElec Int+9 Dex+6} for 1033 gold
                  | pieces
 77686 | Orc:1    | Bought a glowing helmet for 232 gold pieces
 77794 | Orc:2    | Bought a shiny helmet for 300 gold pieces
 78471 | Zot:2    | Reached skill level 5 in Evocations
 78698 | Zot:2    | Identified the +2 hat of the Alphagorgon {rPois Str+4
                  | Int+2}
 78903 | Zig:1    | Entered Level 1 of a ziggurat
 78904 | Zig:1    | Reached skill level 19 in Short Blades
 78941 | Zig:2    | Entered Level 2 of a ziggurat
 78952 | Zig:2    | Identified the +0 robe "Ivuf" {Regen+}
 78965 | Zig:3    | Entered Level 3 of a ziggurat
 78981 | Zig:4    | Entered Level 4 of a ziggurat
 79002 | Zig:5    | Entered Level 5 of a ziggurat
 79024 | Zig:6    | Entered Level 6 of a ziggurat
 79066 | Zig:6    | Got Sif Muna's Vellum of Stones and Direction
 79079 | Zig:6    | Reached skill level 20 in Short Blades
 79082 | Zig:7    | Entered Level 7 of a ziggurat
 79088 | Zig:7    | Noticed a shard shrike
 79089 | Zig:7    | Noticed a shard shrike
 79096 | Zig:7    | Killed a shard shrike
 79105 | Zig:7    | Killed a shard shrike
 79177 | Zig:8    | Entered Level 8 of a ziggurat
 79214 | Zig:8    | Reached skill level 21 in Short Blades
 79229 | Zig:8    | Identified the +8 chain mail of Nefuegae {Fly Int+4 Stlth-}
 79230 | Zig:8    | Identified the amulet of the Coward {RegenMP Rampage rC+
                  | Str-5}
 79240 | Zig:8    | Identified the +0 robe of Inaction {rF+ rC+ Int-2 Archmagi}
 79271 | Zig:9    | Entered Level 9 of a ziggurat
 79319 | Zig:9    | Identified the ring of Leaves {rCorr Str+8 Dex+6 Slay-3}
 79330 | Zig:9    | Identified the ring "Dehemn" {rF+ Will+ rCorr}
 79334 | Zig:9    | Identified the +2 plate armour of the Fabulous God {MP+9}
 79741 | Orc:2    | Bought a +2 pair of gloves of hurling for 279 gold pieces
 80077 | Hell     | Entered the Vestibule of Hell
 80082 | Hell     | Noticed Geryon
 80103 | Hell     | Killed Geryon
 80135 | Hell     | Reached skill level 22 in Short Blades
 80211 | Hell     | Found a gateway to the ashen valley of Gehenna.
 80316 | Hell     | Found a gateway to the Iron City of Dis.
 80479 | Hell     | Found a gateway to the decaying netherworld of Tartarus.
 80742 | Hell     | Found a gateway to the freezing wastes of Cocytus.
 80788 | Dis:1    | Entered Level 1 of the Iron City of Dis
 81030 | Dis:3    | Noticed a juggernaut
 81101 | Dis:4    | Reached skill level 15 in Shields
 81242 | Dis:7    | Entered Level 7 of the Iron City of Dis
 81555 | Dis:7    | Noticed the Serpent of Hell
 81627 | Dis:7    | Killed the Serpent of Hell
 81701 | Dis:7    | Noticed a juggernaut
 81703 | Dis:7    | Killed a juggernaut
 81729 | Dis:7    | Found the +4 staff of Dispater
 81729 | Dis:7    | Noticed Dispater
 82156 | Dis:7    | Got an iron rune of Zot
 82361 | Tar:1    | Entered Level 1 of Tartarus
 82729 | Tar:2    | Reached skill level 23 in Short Blades
 82837 | Tar:3    | Noticed an ancient lich
 82850 | Tar:3    | Killed an ancient lich
 82953 | Tar:5    | Noticed an ancient lich
 82954 | Tar:5    | Killed an ancient lich
 83074 | Tar:5    | Reached skill level 24 in Short Blades
 83170 | Tar:6    | Noticed a dread lich
 83183 | Tar:6    | Killed a dread lich
 83206 | Tar:7    | Entered Level 7 of Tartarus
 83612 | Tar:7    | Got the Catalogue of Stones
 83848 | Tar:7    | Reached skill level 25 in Short Blades
 83955 | Tar:7    | Identified the +5 sling "Duivomp" {drain, Int+3 Stlth+}
 83988 | Tar:7    | Identified the +1 mace "Dunguc" {drain, rElec rPois rF+
                  | rN+}
 84039 | Tar:7    | Identified the +5 chain mail "Pypn" {Int+4}
 84058 | Tar:7    | Identified the +7 glaive of Taem {protect, Str+5 Int-2}
 84382 | Tar:7    | Reached skill level 26 in Short Blades
 84483 | Tar:7    | Found the amulet of the Air {Inacc Air Fly rElec RMsl}
 85131 | Tar:7    | Reached skill level 10 in Spellcasting
 85257 | Tar:7    | Noticed Ereshkigal
 85258 | Tar:7    | Killed Ereshkigal
 85310 | Tar:7    | Got a bone rune of Zot
 85588 | Coc:1    | Entered Level 1 of Cocytus
 85701 | Coc:2    | Reached skill level 1 in Armour
 85741 | Coc:2    | Reached skill level 1 in Throwing
 86151 | Coc:4    | Noticed a shard shrike
 86151 | Coc:4    | Noticed a shard shrike
 86154 | Coc:4    | Noticed a shard shrike
 86154 | Coc:4    | Noticed a shard shrike
 86157 | Coc:4    | Killed a shard shrike
 86157 | Coc:4    | Killed a shard shrike
 86166 | Coc:4    | Killed a shard shrike
 86171 | Coc:4    | Noticed a dread lich
 86174 | Coc:4    | Killed a shard shrike
 86182 | Coc:4    | Killed a dread lich
 86479 | Coc:6    | Noticed a shard shrike
 86480 | Coc:6    | Noticed a shard shrike
 86480 | Coc:6    | Noticed a shard shrike
 86481 | Coc:6    | Noticed a shard shrike
 86482 | Coc:6    | Killed a shard shrike
 86484 | Coc:6    | Killed a shard shrike
 86486 | Coc:6    | Killed a shard shrike
 86489 | Coc:6    | Reached skill level 5 in Armour
 86498 | Coc:6    | Killed a shard shrike
 86531 | Coc:7    | Entered Level 7 of Cocytus
 86541 | Coc:7    | Noticed a shard shrike
 86541 | Coc:7    | Noticed a shard shrike
 86541 | Coc:7    | Noticed a shard shrike
 86551 | Coc:7    | Killed a shard shrike
 86551 | Coc:7    | Killed a shard shrike
 86552 | Coc:7    | Killed a shard shrike
 86552 | Coc:7    | Noticed a shard shrike
 86553 | Coc:7    | Noticed a shard shrike
 86555 | Coc:7    | Noticed a shard shrike
 86555 | Coc:7    | Noticed a shard shrike
 86561 | Coc:7    | Killed a shard shrike
 86562 | Coc:7    | Killed a shard shrike
 86567 | Coc:7    | Killed a shard shrike
 86567 | Coc:7    | Killed a shard shrike
 86717 | Coc:7    | Found the +4 robe of Folly {Brilliance Will-∞ Int+8}
 86726 | Coc:7    | Identified the +0 steam dragon scales "Conk" {Str+4 Slay+2}
 86876 | Coc:7    | Noticed Antaeus
 86888 | Coc:7    | Killed Antaeus
 86906 | Coc:7    | Got an icy rune of Zot
 86907 | Coc:7    | Identified the amulet "Cuq Qym" {Spirit rPois rC- Int+3}
 87044 | Coc:7    | Reached skill level 10 in Armour
 87083 | Coc:7    | Reached skill level 1 in Summonings
 87561 | Lair:5   | Learned a level 7 spell: Haunt
 87988 | Geh:1    | Entered Level 1 of Gehenna
 87988 | Geh:1    | You fall into a shaft and drop 1 floor!
 88447 | Geh:5    | Noticed a juggernaut
 88452 | Geh:5    | Killed a juggernaut
 88492 | Geh:5    | Noticed a juggernaut
 88496 | Geh:5    | Noticed a juggernaut
 88506 | Geh:5    | Killed a juggernaut
 88512 | Geh:5    | Killed a juggernaut
 88561 | Geh:5    | Noticed a juggernaut
 88568 | Geh:5    | Killed a juggernaut
 88781 | Geh:6    | Reached skill level 5 in Summonings
 88786 | Geh:7    | Entered Level 7 of Gehenna
 89382 | Geh:7    | Identified the +0 pair of gloves "Dafeh" {Dex+4}
 89393 | Geh:7    | Identified the +9 mace of Huqept {venom, Drain Dex+5 SInv}
 89618 | Geh:7    | Found the +7 sceptre of Asmodeus
 89618 | Geh:7    | Noticed Asmodeus
 89643 | Geh:7    | Killed Asmodeus
 89795 | Geh:7    | Got an obsidian rune of Zot
 90282 | Tomb:1   | Entered Level 1 of the Tomb of the Ancients
 91414 | Tomb:1   | Noticed a royal mummy
 91420 | Tomb:1   | Killed a royal mummy
 91726 | Tomb:1   | Gained mutation: Your muscles are strong. (Str +4, Int/Dex
                  | -1) [potion of mutation]
 91726 | Tomb:1   | Gained mutation: You sometimes lose your temper in combat.
                  | [potion of mutation]
 91726 | Tomb:1   | Gained mutation: You have large cloven feet. [potion of
                  | mutation]
 91726 | Tomb:1   | Gained mutation: You are somewhat resistant to further
                  | mutation. [potion of mutation]
 91727 | Tomb:1   | Lost mutation: Your muscles are strong. (Str +4, Int/Dex
                  | -1) [potion of mutation]
 91727 | Tomb:1   | Lost mutation: You are somewhat resistant to further
                  | mutation. [potion of mutation]
 91727 | Tomb:1   | Gained mutation: You are vulnerable to cold. (rC-) [potion
                  | of mutation]
 91728 | Tomb:1   | Lost mutation: You are vulnerable to cold. (rC-) [potion of
                  | mutation]
 91728 | Tomb:1   | Lost mutation: You have large cloven feet. [potion of
                  | mutation]
 91728 | Tomb:1   | Lost mutation: You sometimes lose your temper in combat.
                  | [potion of mutation]
 91728 | Tomb:1   | Gained mutation: You are weak. (Str -2) [potion of
                  | mutation]
 91729 | Tomb:1   | Lost mutation: You are weak. (Str -2) [potion of mutation]
 91729 | Tomb:1   | Gained mutation: You are robust. (+10% HP) [potion of
                  | mutation]
 91730 | Tomb:1   | Lost mutation: You are robust. (+10% HP) [potion of
                  | mutation]
 91730 | Tomb:1   | Gained mutation: You have a pair of small horns on your
                  | head. [potion of mutation]
 91730 | Tomb:1   | Gained mutation: Your flesh is cold resistant. (rC+)
                  | [potion of mutation]
 91731 | Tomb:1   | Lost mutation: Your flesh is cold resistant. (rC+) [potion
                  | of mutation]
 91731 | Tomb:1   | Lost mutation: You have a pair of small horns on your head.
                  | [potion of mutation]
 91731 | Tomb:1   | Gained mutation: You are resistant to electric shocks.
                  | (rElec) [potion of mutation]
 91731 | Tomb:1   | Gained mutation: You are weak. (Str -2) [potion of
                  | mutation]
 91731 | Tomb:1   | Gained mutation: You are partially covered in large bone
                  | plates. (SH +4) [potion of mutation]
 91732 | Tomb:1   | Lost mutation: You are resistant to electric shocks.
                  | (rElec) [potion of mutation]
 91732 | Tomb:1   | Lost mutation: You are weak. (Str -2) [potion of mutation]
 91732 | Tomb:1   | Lost mutation: You are partially covered in large bone
                  | plates. (SH +4) [potion of mutation]
 91732 | Tomb:1   | Gained mutation: You occasionally shout uncontrollably at
                  | your foes. [potion of mutation]
 91732 | Tomb:1   | Gained mutation: Your muscles are strong. (Str +4, Int/Dex
                  | -1) [potion of mutation]
 91733 | Tomb:1   | Lost mutation: Your muscles are strong. (Str +4, Int/Dex
                  | -1) [potion of mutation]
 91733 | Tomb:1   | Lost mutation: You occasionally shout uncontrollably at
                  | your foes. [potion of mutation]
 91733 | Tomb:1   | Gained mutation: Your flesh is heat resistant. (rF+)
                  | [potion of mutation]
 91733 | Tomb:1   | Gained mutation: Your flesh is very heat resistant. (rF++)
                  | [potion of mutation]
 91733 | Tomb:1   | Gained mutation: Your system is resistant to poisons.
                  | (rPois) [potion of mutation]
 91734 | Tomb:1   | Lost mutation: Your system is resistant to poisons. (rPois)
                  | [potion of mutation]
 91734 | Tomb:1   | Lost mutation: Your flesh is very heat resistant. (rF++)
                  | [potion of mutation]
 91734 | Tomb:1   | Lost mutation: Your flesh is heat resistant. (rF+) [potion
                  | of mutation]
 91734 | Tomb:1   | Gained mutation: You are weak. (Str -2) [potion of
                  | mutation]
 91735 | Tomb:1   | Lost mutation: You are weak. (Str -2) [potion of mutation]
 91735 | Tomb:1   | Gained mutation: You are frail. (-10% HP) [potion of
                  | mutation]
 91735 | Tomb:1   | Lost mutation: You are frail. (-10% HP) [potion of
                  | mutation]
 91736 | Tomb:1   | Gained mutation: You have a pair of small horns on your
                  | head. [potion of mutation]
 91737 | Tomb:1   | Lost mutation: You have a pair of small horns on your head.
                  | [potion of mutation]
 91737 | Tomb:1   | Gained mutation: You are vulnerable to cold. (rC-) [potion
                  | of mutation]
 91737 | Tomb:1   | Gained mutation: Your flesh is heat resistant. (rF+)
                  | [potion of mutation]
 91737 | Tomb:1   | Lost mutation: You are vulnerable to cold. (rC-) [potion of
                  | mutation]
 91738 | Tomb:1   | Lost mutation: Your flesh is heat resistant. (rF+) [potion
                  | of mutation]
 91738 | Tomb:1   | Gained mutation: You have a pair of small antennae on your
                  | head. [potion of mutation]
 91738 | Tomb:1   | Gained mutation: You passively map a small area around you.
                  | [potion of mutation]
 91738 | Tomb:1   | Gained mutation: Your flesh is heat resistant. (rF+)
                  | [potion of mutation]
 91739 | Tomb:1   | Lost mutation: You have a pair of small antennae on your
                  | head. [potion of mutation]
 91739 | Tomb:1   | Lost mutation: Your flesh is heat resistant. (rF+) [potion
                  | of mutation]
 91739 | Tomb:1   | Gained mutation: You are agile. (Dex +4, Str/Int -1)
                  | [potion of mutation]
 91739 | Tomb:1   | Lost mutation: You are agile. (Dex +4, Str/Int -1) [potion
                  | of mutation]
 91739 | Tomb:1   | Gained mutation: You have sharp toenails. [potion of
                  | mutation]
 91740 | Tomb:1   | Lost mutation: You passively map a small area around you.
                  | [potion of mutation]
 91740 | Tomb:1   | Lost mutation: You have sharp toenails. [potion of
                  | mutation]
 91740 | Tomb:1   | Gained mutation: You are vulnerable to cold. (rC-) [potion
                  | of mutation]
 91740 | Tomb:1   | Gained mutation: Your body sometimes deteriorates upon
                  | taking damage. [potion of mutation]
 91740 | Tomb:1   | Gained mutation: Your spells are a little harder to cast,
                  | but a little more powerful. [potion of mutation]
 91741 | Tomb:1   | Lost mutation: Your spells are a little harder to cast, but
                  | a little more powerful. [potion of mutation]
 91741 | Tomb:1   | Lost mutation: Your body sometimes deteriorates upon taking
                  | damage. [potion of mutation]
 91741 | Tomb:1   | Lost mutation: You are vulnerable to cold. (rC-) [potion of
                  | mutation]
 91741 | Tomb:1   | Gained mutation: You are frail. (-10% HP) [potion of
                  | mutation]
 91741 | Tomb:1   | Gained mutation: You have a pair of small horns on your
                  | head. [potion of mutation]
 91741 | Tomb:1   | Gained mutation: You possess an exceptional clarity of
                  | mind. [potion of mutation]
 91742 | Tomb:1   | Lost mutation: You have a pair of small horns on your head.
                  | [potion of mutation]
 91742 | Tomb:1   | Lost mutation: You are frail. (-10% HP) [potion of
                  | mutation]
 91742 | Tomb:1   | Gained mutation: You have hidden genetic defects. [potion
                  | of mutation]
 91742 | Tomb:1   | Gained mutation: You are strong-willed. (Will+) [potion of
                  | mutation]
 91743 | Tomb:1   | Lost mutation: You have hidden genetic defects. [potion of
                  | mutation]
 91743 | Tomb:1   | Lost mutation: You are strong-willed. (Will+) [potion of
                  | mutation]
 91743 | Tomb:1   | Gained mutation: Your mind is acute. (Int +4, Str/Dex -1)
                  | [potion of mutation]
 91743 | Tomb:1   | Gained mutation: You are partially covered in iridescent
                  | scales. (AC +2) [potion of mutation]
 91743 | Tomb:1   | Lost mutation: You possess an exceptional clarity of mind.
                  | [potion of mutation]
 91758 | Tomb:2   | Noticed a royal mummy
 91763 | Tomb:2   | Noticed a royal mummy
 91786 | Tomb:2   | Killed a royal mummy
 91788 | Tomb:2   | Noticed a royal mummy
 91800 | Tomb:2   | Identified the +0 plate armour of Infinity {rPois Regen+
                  | Str+3}
 91812 | Tomb:2   | Noticed a royal mummy
 91813 | Tomb:2   | Reached skill level 27 in Short Blades
 91817 | Tomb:2   | Noticed a royal mummy
 91823 | Tomb:2   | Killed a royal mummy
 91836 | Tomb:2   | Noticed Khufu
 91852 | Tomb:2   | Killed a royal mummy
 91869 | Tomb:2   | Killed Khufu
 91870 | Tomb:2   | Noticed a royal mummy
 91898 | Tomb:2   | Killed a royal mummy
 91900 | Tomb:2   | Killed a royal mummy
 91933 | Tomb:2   | Killed a royal mummy
 91948 | Tomb:2   | Reached skill level 5 in Conjurations
 92176 | Tomb:1   | Noticed a royal mummy
 92176 | Tomb:1   | Noticed a royal mummy
 92178 | Tomb:1   | Noticed a royal mummy
 92183 | Tomb:1   | Killed a royal mummy
 92189 | Tomb:1   | Noticed a royal mummy
 92190 | Tomb:1   | Killed a royal mummy
 92192 | Tomb:1   | Noticed a royal mummy
 92325 | Tomb:1   | Killed a royal mummy
 92326 | Tomb:1   | Noticed a royal mummy
 92327 | Tomb:1   | Killed a royal mummy
 92331 | Tomb:1   | Noticed a royal mummy
 92332 | Tomb:1   | Noticed a royal mummy
 92333 | Tomb:1   | Noticed a royal mummy
 92334 | Tomb:1   | Killed a royal mummy
 92338 | Tomb:1   | Killed a royal mummy
 92340 | Tomb:1   | Killed a royal mummy
 92341 | Tomb:1   | Killed a royal mummy
 92346 | Tomb:1   | Killed a royal mummy
 92385 | Tomb:1   | Noticed a royal mummy
 92403 | Tomb:1   | Killed a royal mummy
 92497 | Tomb:1   | Noticed a royal mummy
 92502 | Tomb:1   | Noticed a royal mummy
 92503 | Tomb:1   | Noticed a royal mummy
 92504 | Tomb:1   | Noticed a royal mummy
 92507 | Tomb:1   | Noticed a royal mummy
 92511 | Tomb:1   | Noticed a royal mummy
 92517 | Tomb:1   | Killed a royal mummy
 92529 | Tomb:1   | Noticed a royal mummy
 92534 | Tomb:1   | Killed a royal mummy
 92545 | Tomb:1   | Killed a royal mummy
 92692 | Tomb:1   | Killed a royal mummy
 92752 | Tomb:1   | Killed a royal mummy
 92759 | Tomb:1   | Killed a royal mummy
 92867 | Tomb:1   | Killed a royal mummy
 93081 | Tomb:3   | Entered Level 3 of the Tomb of the Ancients
 93143 | Tomb:3   | Noticed a royal mummy
 93144 | Tomb:3   | Noticed a royal mummy
 93152 | Tomb:3   | Killed a royal mummy
 93153 | Tomb:3   | Noticed a royal mummy
 93153 | Tomb:3   | Killed a royal mummy
 93175 | Tomb:3   | Killed a royal mummy
 93185 | Tomb:3   | Noticed a royal mummy
 93192 | Tomb:3   | Noticed a royal mummy
 93193 | Tomb:3   | Killed a royal mummy
 93200 | Tomb:3   | Killed a royal mummy
 93240 | Tomb:3   | Noticed a royal mummy
 93248 | Tomb:3   | Killed a royal mummy
 93264 | Tomb:3   | Noticed a royal mummy
 93273 | Tomb:3   | Killed a royal mummy
 93276 | Tomb:3   | Got a golden rune of Zot
 94160 | Zot:5    | Entered Level 5 of the Realm of Zot
 94707 | Zot:5    | Noticed an orb of fire
 94707 | Zot:5    | Noticed an orb of fire
 94709 | Zot:5    | Noticed an orb of fire
 94709 | Zot:5    | Noticed a Killer Klown
 94709 | Zot:5    | Noticed an orb of fire
 94709 | Zot:5    | Killed an orb of fire
 94710 | Zot:5    | Killed an orb of fire
 94711 | Zot:5    | Killed an orb of fire
 94735 | Zot:5    | Noticed a Killer Klown
 94737 | Zot:5    | Noticed an orb of fire
 94746 | Zot:5    | Killed an orb of fire
 94747 | Zot:5    | Killed an orb of fire
 94751 | Zot:5    | Killed a Killer Klown
 94753 | Zot:5    | Killed a Killer Klown
 94796 | Zot:5    | Noticed a dread lich
 94803 | Zot:5    | Killed a dread lich
 94805 | Zot:5    | Noticed an orb of fire
 94810 | Zot:5    | Noticed an orb of fire
 94812 | Zot:5    | Noticed an orb of fire
 94815 | Zot:5    | Killed an orb of fire
 94816 | Zot:5    | Noticed a Killer Klown
 94817 | Zot:5    | Killed an orb of fire
 94825 | Zot:5    | Killed an orb of fire
 94902 | Zot:5    | Noticed an ancient lich
 94907 | Zot:5    | Killed an ancient lich
 94963 | Zot:5    | Killed a Killer Klown
 94972 | Zot:5    | Got the Orb of Zot
 95499 | D:6      | Noticed Udobiw the pandemonium lord
 95512 | D:6      | Killed Udobiw the pandemonium lord
 95622 | D:$      | Escaped with the Orb!

Illustrated notes

Levels and vault maps discovered:
D:1:      dpeg_arrival_morbid_curiosity, layout_basic, serial_shops, shop_coins,
          eino_curves_02
D:2:      layout_basic, kennysheep_generic_room_16
D:3:      layout_rooms, dreamdust_ecumenical_altar_grove, uniq_natasha
D:4:      layout_loops_ring, uniq_duvessa
D:5:      layout_basic, uniq_eustachio
D:6:      layout_rooms, minmay_temple_entry_glass, gammafunk_ghost_stat_death,
          chequers_ossuary_entry_cave, minmay_ogre_servants, uniq_grinder,
          uniq_maggie, uniq_menkaure
D:7:      layout_loops_corners, uniq_crazy_yiuf_cottage, uniq_pikel
D:8:      layout_basic, nicolae_gozag_zags_fifth_avenue,
          minmay_lair_entry_grove, enter_bailey_5
D:9:      layout_grid_maze, david_orc_1_choice, roderic_roman_lattice,
          uniq_joseph, uniq_psyche
D:10:     layout_gridville, serial_shops, nicolae_stop_n_shop_2, uniq_fannar
D:11:     layout_roguey, minmay_shattered_shrine
D:12:     minmay_wizard_corner, layout_small_grid, kennysheep_generic_room_6
D:13:     layout_cave_pods
D:14:     layout_roguey [special_room_orc], david_vaults_2,
          cheibrodos_ashenzari_chains
D:15:     grunt_enter_depths_snipers, layout_basic, hangedman_decor_points,
          grunt_decor_fettered
Temple:   mainiacjoe_temple_hex_bubbles
Lair:1:   layout_cave_pods, gauntlet_entry_generic, roderic_batcave,
          grunt_forest_stairs_basic
Lair:2:   layout_gridlike, minmay_shoals_entry_beasts,
          minmay_snake_entry_six_corridors, hangedman_lair_unloving_vines,
          minivault_26, serial_bayou_pond_d, uniq_nergalle
Lair:3:   layout_cave_pods, nicolae_volcano_entry_lava_flow
Lair:4:   gammafunk_worm_tunnel, layout_layer_cave, dreamdust_wasp_nest
Lair:5:   wormcave, layout_misc_corridors, hangedman_lair_caniforms_friends,
          slime_entry_1
Shoals:1: layout_shoals, nicolae_shoals_beach_house_on_fowls_legs, uniq_louise,
          uniq_jorgrun
Shoals:2: layout_shoals, uniq_aizul, uniq_ilsuiw
Shoals:3: layout_shoals, uniq_polyphemus
Shoals:4: shoals_end_grunt_garden, layout_shoals, nicolae_shoals_this_corrosion,
          uniq_kirke
Snake:1:  layout_chambers, basic_altar, nicolae_snake_slithery_hallway,
          hangedman_snake_corridor_split
Snake:2:  layout_onion, serial_bayou, serial_bayou_lake_a, serial_bayou_pond_a,
          serial_bayou_crossing, serial_bayou_shore_b, minmay_shop_star
Snake:3:  layout_grid_maze, basic_altar, nicolae_fountain_basement
Snake:4:  johnstein_snake_rune_scales, layout_misc_corridors,
          nicolae_triple_integral
Slime:1:  layout_caves
Slime:2:  layout_caves, cheibrodos_slime_lost_civilization_4
Slime:3:  layout_caves, special_room [special_room_jelly]
Slime:4:  layout_caves
Slime:5
Orc:1:    layout_caves, serial_shops, nicolae_shop_overgrown_old_shop,
          nicolae_shop_window_shopping, shop, shop, nicolae_shop_waterfront,
          basic_altar, okawaru_metal_pillars_1_2
Orc:2:    st_orc_rangers, layout_diamond_mine, serial_shops, shop
Elf:1:    layout_loops_cross, kennysheep_underground_church, minmay_shop_grove,
          uniq_frances
Elf:2:    nicolae_elf_blades_splatter_lattice
          [nicolae_blade_entry_sentries_behind_glass], layout_loops_cross,
          serial_shops, nicolae_stop_n_shop_1, library_closet,
          grunt_ministairs_7
Elf:3:    elf_hall, layout_loops_cross, roderic_three_in_a_row
Vaults:1: hangedman_vaults_corner_blocks, vaults_standard_mumra_lines,
          v_misc_18, vaults_mumra_chevron_long, nicolae_vaults_little_squares_4,
          serial_ice_g, layout_vaults_chaotic_city
Vaults:2: portal_desolation_entry_holy_temple, nicolae_vaults_shelves_hall,
          vaults_room_fours, nicolae_vaults_network_s, gammafunk_sealed_library,
          ontoclasm_vaults_hangar, v_misc_32, ontoclasm_vaults_shuriken,
          nicolae_vaults_border_crossing, hangedman_vaults_snaps,
          nicolae_vaults_mini_display_case, layout_vaults_omnigrid, serial_shops
Vaults:3: gammafunk_ghost_split, v_rooms_4, minmay_crypt_entry_vampire_xt,
          nicolae_vaults_triangles, ontoclasm_vaults_chip, grunt_vaults_twisty,
          vaults_room_stairs_pillars, vaults_room_guarded_vault,
          hangedman_vaults_capsules, nicolae_vaults_network_quinsquares
          [nicolae_vaults_network_quincunx_subvault,
          nicolae_vaults_network_quincunx_subvault,
          nicolae_vaults_network_quincunx_subvault,
          nicolae_vaults_network_quincunx_subvault], vaults_room_pool,
          ontoclasm_vaults_ligature, nicolae_vaults_little_squares_4,
          layout_vaults_omnicross
Vaults:4: v_misc_23, vaults_mumra_hexcomb, vaults_dpeg_hooks,
          nicolae_vaults_network_quincunx
          [nicolae_vaults_network_quincunx_subvault,
          nicolae_vaults_network_quincunx_subvault,
          nicolae_vaults_network_quincunx_subvault,
          nicolae_vaults_network_quincunx_subvault,
          nicolae_vaults_network_quincunx_subvault], v_misc_24,
          vaults_mumra_bighexcomb, v_misc_26, v_misc_27, vaults_room_pools,
          v_rooms_4, vaults_mumra_chevron, hangedman_vaults_maws,
          vaults_room_ringed_pool, nicolae_vaults_little_squares_5, v_misc_16,
          layout_vaults_maze, uniq_margery
Vaults:5: serial_shops, uniq_mara
Crypt:1:  layout_chaotic_city, grunt_crypt_arrival_split, grunt_megastairs_2
Crypt:2:  layout_misc_corridors, uniq_vv
Crypt:3:  david_glass_crypt, layout_basic
Tomb:1
Tomb:2:   uniq_khufu
Tomb:3
Depths:1: layout_gridlike, hell_entry, nicolae_abyss_entry_one_way_or_another,
          fedhas_altar_1, minmay_shoptagon, serial_bayou_shore_a
Depths:2: thingy_vault, layout_small_grid, enter_ziggurat_a,
          rand_demon_pan_entry_4, hangedman_geh_valley, abyss_entry, basic_altar
Depths:3: kennysheep_oblong_rooms, layout_basic,
          hangedman_abyss_or_decor_passed, serial_shops, shop,
          nicolae_shop_hallway_plus, nicolae_stop_n_shop_1, hell_entry,
          abyss_entry, infiniplex_staircase_x
Depths:4: evilmike_zot_entry_argh, layout_cave_pools,
          nicolae_kikubaaqudgha_miasma_corner, rand_demon_pan_entry_8,
          hell_entry, amcnicky_mini_pool_small, serial_bayou_shore_b
Hell
Dis:1:    layout_gridville
Dis:2:    layout_subdivisions, nicolae_dis_grated_feature
Dis:3:    hangedman_iron_city_apartments
Dis:4:    layout_overlapping_boxes
Dis:5:    layout_gridville, nicolae_dis_scattering
Dis:6:    layout_regular_city
Dis:7:    dis_st
Geh:1:    layout_gehenna_pools_box
Geh:2:    layout_gehenna_lava_caves
Geh:3:    layout_gehenna_pools_basic
Geh:4:    layout_gehenna_lava_caves
Geh:5:    nicolae_hells_titanomachy
Geh:6:    layout_gehenna_lava_caves
Geh:7:    evilmike_geh
Coc:1:    layout_cocytus_water_paths
Coc:2:    layout_cocytus_water_paths
Coc:3:    layout_cocytus_water_paths
Coc:4:    layout_cocytus_delve
Coc:5:    layout_ice_bergs
Coc:6:    layout_ice_bergs, nicolae_coc_icebean_singular
          [nicolae_sub_coc_subbean]
Coc:7:    coc_mu
Tar:1:    layout_cathedral_of_symmetry
Tar:2:    layout_grid_maze, nicolae_tar_just_some_guys
Tar:3:    layout_catacombs
Tar:4:    layout_cathedral_of_symmetry
Tar:5:    layout_cathedral_of_symmetry
Tar:6:    nicolae_hells_demon_pit, layout_cathedral_of_symmetry
Tar:7:    tar_mu [tar_mu_maze]
Zot:1:    grunt_zot_stairs_mandelzot, layout_misc_corridors,
          gammafunk_ghost_arena, nicolae_diode_stairs, uniq_josephina
Zot:2:    gammafunk_the_bubble [the_bubble_gammafunk_grid],
          layout_misc_corridors
Zot:3:    layout_gridlike, st_stairs_2, zot_minivault_1
Zot:4:    layout_onion
Zot:5:    layout_onion, st_stairs_7, drop_trap

Skill      XL: |  1  2  3  4  5  6  7  8  9 10 11 12 13 14 15 16 17 18 19 20 21 22 23 24 25 26 27 |
---------------+----------------------------------------------------------------------------------+-----
Stealth        | 3 4 5 6 7 9 10 12 13 14 15 16 17 18 19 20 21 26 | 26.6
Dodging        | 4 5 7 8 9 12 14 15 16 17 19 21 23 24 26 | 26.9
Short Blades   | 5 6 7 8 10 12 14 15 16 27 | 27.0
Fighting       | 4 5 6 7 8 9 10 11 12 13 14 15 16 17 18 26 | 26.5
Necromancy     | 2 4 6 7 9 10 12 14 15 17 18 26 | 26.3
Long Blades    | 2 4 6 7 8 10 13 15 16 | 16.4
Shields        | 1 5 7 9 10 19 | 19.9
Spellcasting   | 1 3 13 | 13.3
Transmutations | 6 11 14 16 17 18 25 | 25.5
Translocations | 3 6 |  6.6
Evocations     | 9 |  9.9
Conjurations   | 9 |  9.9
Hexes          | 4 |  4.4
Earth Magic    | 4 |  4.4
Armour         | 13 | 13.3
Throwing       | 3 |  3.3
Summonings     | 9 |  9.9

Action                   |  1- 3 |  4- 6 |  7- 9 | 10-12 | 13-15 | 16-18 | 19-21 | 22-24 | 25-27 || total
-------------------------+-------+-------+-------+-------+-------+-------+-------+-------+-------++-------
Melee: Short sword       |    23 |       |       |       |       |       |       |       |       ||    23
       Dagger            |    44 |   111 |   214 |   382 |  1199 |  1106 |  1589 |  1280 |  5331 || 11256
       Punch             |       |     3 |     2 |     8 |    15 |       |       |       |       ||    28
       Quick blade       |       |       |       |       |       |       |       |   596 |  4313 ||  4909
       Demon blade       |       |       |       |       |       |       |       |       |  2141 ||  2141
Throw: Stone             |    11 |     2 |     1 |       |       |       |       |       |       ||    14
       Dart              |       |     9 |     1 |     3 |     3 |       |       |       |       ||    16
       Boomerang         |       |     5 |     5 |       |       |       |       |       |       ||    10
       Throwing net      |       |       |     2 |     5 |       |     7 |     6 |     3 |    15 ||    38
 Cast: Dispel Undead     |       |       |       |       |       |       |       |    40 |    14 ||    54
       Necromutation     |       |       |       |       |       |       |       |       |   199 ||   199
       Irradiate         |       |       |       |       |       |       |       |       |    49 ||    49
       Lesser Beckoning  |       |       |       |       |       |       |       |       |    33 ||    33
       Borgnjor's Vile C |       |       |       |       |       |       |       |       |    31 ||    31
       Passwall          |       |       |       |       |       |       |       |       |    26 ||    26
       Yara's Violent Un |       |       |       |       |       |       |       |       |    24 ||    24
       Apportation       |       |       |       |       |       |       |       |       |    18 ||    18
       Death Channel     |       |       |       |       |       |       |       |       |     8 ||     8
       Blink             |       |       |       |       |       |       |       |       |     3 ||     3
       Haunt             |       |       |       |       |       |       |       |       |     2 ||     2
Invok: Lunge             |       |       |    34 |    68 |   153 |   165 |   194 |   189 |   911 ||  1714
       Whirlwind         |       |       |     2 |    79 |   331 |   175 |   401 |   328 |  3849 ||  5165
       Serpent's Lash    |       |       |       |     9 |    25 |    21 |    22 |    40 |   150 ||   267
       Heavenly Storm    |       |       |       |       |     1 |     1 |     1 |       |    12 ||    15
 Abil: Wall Jump         |       |       |       |       |     5 |    13 |    15 |    26 |    66 ||   125
       End Transformatio |       |       |       |       |       |       |       |       |    16 ||    16
Evoke: Wand              |       |       |     2 |     9 |     8 |     5 |     7 |    11 |    44 ||    86
       Box of beasts     |       |       |       |       |     2 |     1 |       |       |     2 ||     5
       Phial of floods   |       |       |       |       |       |       |     1 |     2 |     4 ||     7
       Condenser vane    |       |       |       |       |       |       |     1 |     1 |     6 ||     8
       Lightning rod     |       |       |       |       |       |       |       |     4 |     5 ||     9
       Phantom mirror    |       |       |       |       |       |       |       |     3 |    14 ||    17
  Use: Scroll            |       |     6 |     8 |     5 |     9 |    12 |     6 |    19 |    95 ||   160
       Potion            |       |       |       |     4 |     3 |    11 |     4 |     7 |   101 ||   130
 Stab: Sleeping          |    13 |    12 |    46 |    49 |    74 |   106 |   140 |   149 |   401 ||   990
       Distracted        |       |     6 |     1 |     8 |    18 |    15 |    36 |    25 |   280 ||   389
       Held in net/web   |       |       |       |     2 |       |     6 |     7 |     2 |    17 ||    34
       Invisible         |       |       |       |       |    12 |    26 |    38 |    17 |   203 ||   296
       Confused          |       |       |       |       |       |       |       |       |     5 ||     5
       Paralysed         |       |       |       |       |       |       |       |       |     2 ||     2
       Fleeing           |       |       |       |       |       |       |       |       |     1 ||     1
Armor: Robe              |     6 |     8 |     8 |    15 |     6 |     7 |    21 |    30 |   210 ||   311
       Ring mail         |       |       |       |       |    56 |    13 |       |       |       ||    69
       Troll leather arm |       |       |       |       |       |       |       |       |   153 ||   153
Dodge: Dodged            |    19 |    46 |    48 |   116 |   484 |   439 |   538 |   636 |  5080 ||  7406
Block: Buckler           |       |       |       |       |     6 |   285 |   377 |   463 |   286 ||  1417
       Reflection        |       |       |       |       |     1 |    38 |    47 |    37 |    77 ||   200
       Kite shield       |       |       |       |       |       |       |       |       |  5292 ||  5292

Table legend: (Time is in decaauts)
 A = Elapsed time spent in this place.
 B = Non-inter-level travel time spent in this place.
 C = Inter-level travel time spent in this place.
 D = Time resting spent in this place.
 E = Time spent auto-exploring this place.
 F = Levels seen in this place.
 G = Mean time per level.
                   A        B        C        D        E       F      G
               +--------+--------+--------+--------+--------+-----+--------+
         Total |  92940 |  79803 |  13137 |   9073 |  35289 | 121 |  768.1 |
       Dungeon |  17365 |  13244 |   4121 |    519 |   8948 |  15 | 1157.7 |
        Temple |    127 |     86 |     41 |      0 |      0 |   1 |  127.0 |
          Lair |   7399 |   5786 |   1613 |    524 |   3645 |   5 | 1479.8 |
        Shoals |   4311 |   4129 |    182 |     98 |   2409 |   4 | 1077.8 |
     Snake Pit |   4424 |   4198 |    226 |    158 |   2561 |   4 | 1106.0 |
    Slime Pits |   1457 |   1321 |    136 |    403 |      0 |   5 |  291.4 |
  Orcish Mines |   3129 |   1741 |   1388 |    110 |    654 |   2 | 1564.5 |
   Elven Halls |   3308 |   2640 |    668 |     23 |   1779 |   3 | 1102.7 |
        Vaults |  10130 |   8329 |   1801 |    528 |   5029 |   5 | 2026.0 |
         Crypt |   3857 |   3233 |    624 |    418 |   1666 |   3 | 1285.7 |
          Tomb |   2716 |   2474 |    242 |    413 |     94 |   3 |  905.3 |
        Depths |   5318 |   4323 |    995 |    402 |   2503 |   4 | 1329.5 |
          Hell |    929 |    796 |    133 |     40 |    308 |   1 |  929.0 |
           Dis |   1395 |   1360 |     35 |    339 |      0 |   7 |  199.3 |
       Gehenna |   1900 |   1790 |    110 |    218 |      0 |   7 |  271.4 |
       Cocytus |   1486 |   1429 |     57 |    105 |      0 |   7 |  212.3 |
      Tartarus |   3076 |   2873 |    203 |    433 |    685 |   7 |  439.4 |
           Zot |   6972 |   6414 |    558 |   1657 |   2098 |   5 | 1394.4 |
         Abyss |    358 |    358 |      0 |     30 |     72 |   3 |  119.3 |
   Pandemonium |  10418 |  10418 |      0 |   2479 |   2416 |  16 |  651.1 |
      Ziggurat |    432 |    432 |      0 |     83 |      0 |   9 |   48.0 |
       Ossuary |    494 |    494 |      0 |     37 |      0 |   1 |  494.0 |
        Bailey |    227 |    227 |      0 |     10 |     38 |   1 |  227.0 |
       Volcano |    417 |    417 |      0 |     32 |      0 |   1 |  417.0 |
    Desolation |    953 |    953 |      0 |      9 |    383 |   1 |  953.0 |
      Gauntlet |    330 |    330 |      0 |      2 |      0 |   1 |  330.0 |
               +--------+--------+--------+--------+--------+-----+--------+

Top non-repeatable levels by time:
   Orc:2: 2462 daAuts
Vaults:1: 2323 daAuts
   Tar:7: 2281 daAuts
Vaults:2: 2280 daAuts
    D:15: 2231 daAuts
Vaults:5: 2165 daAuts
   Zot:1: 1972 daAuts
     D:9: 1946 daAuts
Vaults:3: 1945 daAuts
  Lair:5: 1879 daAuts
  Tomb:1: 1674 daAuts
  Lair:2: 1603 daAuts
Depths:1: 1594 daAuts
   Zot:3: 1519 daAuts
 Crypt:3: 1507 daAuts
